 Dungeon Crawl Stone Soup version 0.32-a0-886-g41c5271027 (webtiles) character file.

Game seed: 1336833376391616059

18609100 gameguard the Cloud Mage (level 27, 314/314 HPs)
             Began as a Demonspawn Air Elementalist on Apr 1, 2024.
             Was the Champion of Cheibriados.
             Escaped with the Orb
             ... and 15 runes
             ... and 2 gems on Apr 2, 2024!
             The game lasted 06:01:55 (83400 turns).

gameguard the Cloud Mage (DsAE)                    Turns: 83400, Time: 06:01:56

Health: 314/314    AC: 48    Str: 24    XL:     27
Magic:  51/51      EV: 24    Int: 44    God:    Cheibriados [******]
Gold:   6989       SH: 17    Dex: 27    Spells: 13/75 levels left

rFire   + + +        a - staff of air
rCold   + . .        k - +3 warlock's mirror {omnireflect}
rNeg    + + .        t - +8 fire dragon scales
rPois   +            o - +4 helmet of Hykuj {rC++ Will+++ Dex-4}
rElec   +            K - +2 cloak {rCorr}
rCorr   +            E - +2 pair of gloves of Ciss {Fly Int+2}
SInv    .            (boots unavailable)
Will    +++++        h - amulet of Vitality {Regen++ RegenMP++}
Stlth   +            x - ring of the Octopus King {Wiz HP+2 AC+2 EV+2 SH+2}
HPRegen 2.32/turn    J - ring "Ferez" {rElec rPois rF+ rN++}
MPRegen 1.12/turn

%: reflection, wizardry (x1)
@: flying, studying 2 skills, very slow
A: hooves 3, thin metallic scales 3, icemail 2, powered by death 3, robust 3,
condensation shield
0: Orb of Zot
}: 15/15 runes: decaying, serpentine, slimy, silver, golden, iron, obsidian,
icy, bone, abyssal, demonic, glowing, magical, fiery, dark
a: Renounce Religion, Bend Time, Temporal Distortion, Slouch, Step From Time


You escaped.
You worshipped Cheibriados.
Cheibriados was exalted by your worship.
You visited 18 branches of the dungeon, and saw 88 of its levels.
You visited Pandemonium 1 time, and saw 17 of its levels.
You visited the Abyss 1 time.
You visited 1 bazaar.
You also visited: Ice Cave and Volcano.

You collected 10459 gold pieces.
You spent 3470 gold pieces at shops.

Inventory:

Missiles
 p - 7 throwing nets {!f}
 B - 8 curare-tipped darts
Armour
 k - the +3 warlock's mirror (worn) {omnireflect}
   (You acquired it on level 3 of the Dungeon)

   Omnireflect: It can block and reflect piercing ranged attacks and magical
   attacks against the wielder's willpower.
 o - the +4 helmet of Hykuj (worn) {rC++ Will+++ Dex-4}
   (You found it in an ice cave)

   Dex-4:     It affects your dexterity (-4).
   rC++:      It greatly protects you from cold.
   Will+++:   It greatly increases your willpower.
 t - +8 fire dragon scales (worn)
 E - the +2 pair of gloves of Ciss (worn) {Fly Int+2}
   (You found it on level 3 of the Crypt)

   Int+2:     It affects your intelligence (+2).
   Fly:       It grants you flight.
 K - a +2 cloak of preservation (worn)
 X - a +1 cloak of stealth
Magical Staves
 a - a staff of air (weapon)
 b - the staff "Dugoep" {rF+ Tloc Air Earth}
   (You found it on level 7 of Gehenna)

   [staff of earth]

   Base accuracy: +5 Base damage: 5 Base attack delay: 1.2 This weapon's minimum
   attack delay (0.6) is reached at skill level 12.
   rF+:       It protects you from fire.
   Tloc:      It increases the power of your Translocations spells.
   Air:       It increases the power of your Air spells.
   Earth:     It increases the power of your Earth spells.
   It falls into the 'Staves' category.
   It is a one-handed weapon.
 A - the staff of Oraddent {rPois Int+4 Dex+5 Alchemy}
   (You found it on level 3 of the Tomb of the Ancients)

   [staff of alchemy]

   Base accuracy: +5 Base damage: 5 Base attack delay: 1.2 This weapon's minimum
   attack delay (0.6) is reached at skill level 12.
   Int+4:     It affects your intelligence (+4).
   Dex+5:     It affects your dexterity (+5).
   rPois:     It protects you from poison.
   Alchemy:   It increases the power of your Alchemy spells.
   It falls into the 'Staves' category.
   It is a one-handed weapon.
 C - the staff "Suep" {^Fragile rN+ Will+ Int+4 Earth}
   (You found it on level 7 of Cocytus)

   [staff of earth]

   Base accuracy: +5 Base damage: 5 Base attack delay: 1.2 This weapon's minimum
   attack delay (0.6) is reached at skill level 12.
   Int+4:     It affects your intelligence (+4).
   rN+:       It protects you from negative energy.
   Will+:     It increases your willpower.
   ^Fragile:  It will be destroyed if unequipped.
   Earth:     It increases the power of your Earth spells.
   It falls into the 'Staves' category.
   It is a one-handed weapon.
Jewellery
 g - the ring of the Tortoise {AC+8}
   (You found it on level 4 of the Depths)

   [ring of protection]

   AC+8:      It affects your AC (+8).
 h - the amulet of Vitality (around neck) {Regen++ RegenMP++}
   (You bought it in a shop on level 2 of the Orcish Mines)

   [amulet of nothing]

   Regen++:   It increases your rate of health regeneration.
   RegenMP++: It increases your rate of magic regeneration.
 x - a ring of the Octopus King (left hand) {Wiz HP+2 AC+2 EV+2 SH+2}
   (You took it off a deep elf demonologist on level 3 of the Elven Halls)

   [ring of wizardry]

   Wiz:       It improves your spell success rate.
   AC+2:      It affects your AC (+2).
   EV+2:      It affects your evasion (+2).
   HP+2:      It affects your health (+2).
   SH+2:      It affects your SH (+2).
 H - the ring of Duryuli {rF+ rC+ MP+9 Int+2 Dex-2}
   (You found it in Pandemonium)

   [ring of protection from cold]

   Int+2:     It affects your intelligence (+2).
   Dex-2:     It affects your dexterity (-2).
   rF+:       It protects you from fire.
   rC+:       It protects you from cold.
   MP+9:      It affects your magic capacity (+9).
 J - the ring "Ferez" (right hand) {rElec rPois rF+ rN++}
   (You took it off a necromancer on level 3 of the Crypt)

   [ring of protection from fire]

   rF+:       It protects you from fire.
   rElec:     It insulates you from electricity.
   rPois:     It protects you from poison.
   rN++:      It greatly protects you from negative energy.
 N - the ring "Xaruntut" {Fire rPois rN++ MP+9 SInv}
   (You took it off a necromancer on level 3 of the Crypt)

   [ring of fire]

   Fire:      It enhances your fire magic.
   rF+:       It protects you from fire.
   rC-:       It makes you vulnerable to cold.
   rPois:     It protects you from poison.
   rN++:      It greatly protects you from negative energy.
   MP+9:      It affects your magic capacity (+9).
   SInv:      It lets you see invisible.
 R - the ring "Mefree" {^Drain Fly MP+9 Int+5}
   (You found it on level 7 of the Iron City of Dis)

   [ring of flight]

   Int+5:     It affects your intelligence (+5).
   MP+9:      It affects your magic capacity (+9).
   Fly:       It grants you flight.
   ^Drain:    It drains your maximum health when unequipped.
 W - the ring of the Hare {EV+10}
   (You took it off a vault warden on level 5 of the Vaults)

   [ring of evasion]

   EV+10:     It affects your evasion (+10).
Wands
 i - a wand of mindburst (48)
 m - a wand of warping (67)
 G - a wand of digging (20)
 I - a wand of paralysis (76)
 M - a wand of quicksilver (58)
Scrolls
 e - 10 scrolls of immolation
 q - 4 scrolls of blinking
 w - 5 scrolls of teleportation
 y - 6 scrolls of summoning
 D - 11 scrolls of fog
 L - 8 scrolls of vulnerability
 T - 10 scrolls of fear
Potions
 c - 17 potions of enlightenment
 d - 17 potions of mutation
 l - 15 potions of heal wounds
 n - a potion of cancellation
 r - 7 potions of resistance
 s - 2 potions of ambrosia
 u - 9 potions of lignification
 v - 3 potions of magic
 z - 9 potions of brilliance
 F - 8 potions of might
 O - 20 potions of curing
 S - 6 potions of invisibility
Miscellaneous
 f - a figurine of a ziggurat
 P - a condenser vane
 Q - a phantom mirror
 U - a Gell's gravitambourine (2/2)
 V - a lightning rod (4/4)
 Y - a box of beasts


   Skills:
 + Level 24.9 Fighting
 - Level 2.0 Short Blades
 - Level 12.0 Staves
 - Level 15.0 Armour
 - Level 15.0 Dodging
 - Level 5.0 Stealth
 - Level 12.0 Shields
 + Level 24.6 Spellcasting
 - Level 23.0 Conjurations
 - Level 4.0 Summonings
 - Level 22.0 Necromancy
 - Level 4.0 Translocations
 - Level 12.5 Fire Magic
 - Level 25.0 Air Magic
 - Level 14.0 Invocations
 - Level 15.0 Evocations


You had 13 spell levels left.
You knew the following spells:

 Your Spells              Type           Power      Damage    Failure   Level
a - Vhi's Electric Charg  Tloc/Air       100%       N/A       0%          4
b - Sublimation of Blood  Necr           100%       N/A       0%          2
c - Borgnjor's Vile Clut  Necr/Erth      50%        N/A       1%          5
d - Dispel Undead         Necr           100%       3d31      0%          4
f - Plasma Beam           Fire/Air       73%        2x1d90    1%          6
g - Chain Lightning       Conj/Air       79%        3d105     1%          9
l - Blink                 Tloc           100%       N/A       1%          2
q - Apportation           Tloc           100%       N/A       1%          1
x - Passage of Golubria   Tloc           73%        N/A       1%          4
z - Maxwell's Capacitive  Air            80%        ∞         1%          8
I - Death's Door          Necr           64%        N/A       3%          9
Y - Borgnjor's Revivific  Necr           64%        N/A       1%          8

Your spell library contained the following spells:

 Spells                   Type           Power      Damage    Failure   Level
 Foxfire                  Conj/Fire      100%       2x1d9     0%          1
 Kiss of Death            Conj/Necr      100%       2d13      0%          1
 Magic Dart               Conj           100%       1d8       0%          1
 Necrotise                Necr           100%       1d9       0%          1
 Shock                    Conj/Air       100%       1d9       0%          1
 Sting                    Conj/Alch      100%       1d9       0%          1
 Mercury Vapours          Alch/Air       100%       N/A       0%          2
 Momentum Strike          Conj/Tloc      100%       3d10      0%          2
 Scorch                   Fire           100%       2d9       0%          2
 Static Discharge         Conj/Air       100%       3-8/arc   0%          2
 Dazzling Flash           Conj/Hex       100%       N/A       0%          3
 Fugue of the Fallen      Necr           100%       N/A       0%          3
 Hailstorm                Conj/Ice       100%       3d16      0%          3
 Mephitic Cloud           Conj/Alch/Air  100%       N/A       0%          3
 Stone Arrow              Conj/Erth      100%       3d13      0%          3
 Swiftness                Air            100%       N/A       0%          3
 Vampiric Draining        Necr           100%       2d13      0%          3
 Airstrike                Air            80%        2d(12-28) 0%          4
 Animate Dead             Necr           100%       N/A       0%          4
 Flame Wave               Conj/Fire      100%       2d21      0%          4
 Summon Lightning Spire   Summ/Air       100%       N/A       0%          4
 Fireball                 Conj/Fire      59%        3d23      0%          5
 Iskenderun's Battlesphe  Conj           100%       2d15      0%          5
 Conjure Ball Lightning   Conj/Air       79%        3x3d30    0%          6
 Death Channel            Necr           64%        N/A       0%          6
 Sandblast                Erth           100%       2d20      1%          1
 Slow                     Hex            100%       N/A       1%          1
 Summon Small Mammal      Summ           100%       N/A       1%          1
 Call Imp                 Summ           100%       N/A       1%          2
 Ensorcelled Hibernation  Hex/Ice        100%       N/A       1%          2
 Jinxbite                 Hex            100%       N/A       1%          2
 Lesser Beckoning         Tloc           100%       N/A       1%          2
 Call Canine Familiar     Summ           73%        N/A       1%          3
 Confusing Touch          Hex            52%        N/A       1%          3
 Frozen Ramparts          Ice            100%       1d16      1%          3
 Inner Flame              Hex/Fire       83%        N/A       1%          3
 Maxwell's Portable Pile  Tloc           73%        2d(12-35) 1%          3
 Ozocubu's Armour         Ice            52%        N/A       1%          3
 Passwall                 Erth           52%        N/A       1%          3
 Sigil of Binding         Hex            52%        N/A       1%          3
 Summon Ice Beast         Ice/Summ       64%        N/A       1%          3
 Teleport Other           Tloc           73%        N/A       1%          3
 Tukima's Dance           Hex            52%        N/A       1%          3
 Volatile Blastmotes      Fire/Tloc      100%       2d18      1%          3
 Anguish                  Hex/Necr       50%        N/A       1%          4
 Animate Armour           Summ/Erth      100%       N/A       1%          4
 Brom's Barrelling Bould  Conj/Erth      100%       2d11      1%          4
 Fulminant Prism          Conj/Alch      50%        3d23      1%          4
 Ignite Poison            Fire/Alch      83%        N/A       1%          4
 Iskenderun's Mystic Bla  Conj/Tloc      100%       2d19      (+2d11%     4
 Martyr's Knell           Necr/Summ      100%       N/A       1%          4
 Sticky Flame             Fire/Alch      83%        2d13      1%          4
 Summon Blazeheart Golem  Fire/Summ      91%        N/A       1%          4
 Freezing Cloud           Conj/Ice/Air   69%        6-21      1%          5
 Irradiate                Conj/Alch      50%        3d28      1%          5
 Silence                  Hex/Air        64%        N/A       1%          5
 Summon Forest            Summ/Tloc      36%        N/A       1%          5
 Bombard                  Conj/Erth      50%        9d8       1%          6
 Starburst                Conj/Fire      59%        6d16      1%          6
 Haunt                    Necr/Summ      53%        N/A       1%          7
 Orb of Destruction       Conj           65%        9d15      1%          7
 Spellforged Servitor     Conj/Summ      53%        N/A       1%          7
 Infestation              Necr           64%        N/A       1%          8
 Leda's Liquefaction      Alch/Erth      26%        N/A       3%          4
 Olgreb's Toxic Radiance  Alch           52%        N/A       3%          4
 Petrify                  Alch/Erth      52%        N/A       3%          4
 Summon Mana Viper        Hex/Summ       64%        N/A       3%          5
 Alistair's Intoxication  Alch           34%        N/A       9%          5
 Lee's Rapid Deconstruct  Erth           26%        3d14*     9%          5
 Metabolic Englaciation   Hex/Ice        26%        N/A       9%          5
 Yara's Violent Unravell  Hex/Alch       26%        3d11      9%          5
 Dispersal                Tloc           36%        N/A       9%          6
 Gell's Gavotte           Tloc           36%        2d(27-41) 9%          6
 Summon Cactus Giant      Summ           36%        N/A       9%          6
 Ignition                 Fire           52%        3d15      12%         8
 Lehudib's Crystal Spear  Conj/Erth      50%        10d12     17%         8
 Fire Storm               Conj/Fire      59%        8d15      21%         9
 Eringya's Noxious Bog    Alch           26%        4d6       41%         6
 Sculpt Simulacrum        Ice/Alch       26%        N/A       41%         6
 Manifold Assault         Tloc           36%        N/A       43%         7
 Monstrous Menagerie      Summ           36%        N/A       43%         7
 Summon Hydra             Summ           36%        N/A       43%         7
 Enfeeble                 Hex            26%        N/A       91%         7
 Disjunction              Tloc           36%        N/A       97%         8
 Shatter                  Erth           26%        3d22*     100%        9


Dungeon Overview and Level Annotations

Branches:
Dungeon (15/15)            Temple (1/1) D:6            Lair (5/5) D:8
  Swamp (4/4) Lair:2        Snake (4/4) Lair:3        Slime (5/5) Lair:5
    Orc (2/2) D:11            Elf (3/3) Orc:2        Vaults (5/5) D:13
  Crypt (3/3) Vaults:3       Tomb (3/3) Crypt:3      Depths (4/4) D:15
   Hell (visited)             Dis (7/7) Hell            Geh (7/7) Hell
    Coc (7/7) Hell            Tar (7/7) Hell            Zot (5/5) Depths:4
  IceCv (visited)         Volcano (visited)

Altars:
Ashenzari
Cheibriados
Dithmenos
Fedhas
Gozag
Hepliaklqana
Kikubaaqudgha
Makhleb
Nemelex Xobeh
Okawaru
Qazlal
Ru
Sif Muna
Trog
Uskayaw
Vehumet
Wu Jian
Xom
Yredelemnul
Beogh

Shops:
D:10 ?   D:12 ?   Orc:1 =   Orc:2 *[(=!   Elf:1 =   Elf:2 *   Vaults:1 [
Vaults:2 !   Depths:4 :=:

Portals:
Hell: Depths:1 Depths:2 Depths:4
Abyss: Depths:3
Pandemonium: Depths:2
Ziggurat: Depths:3

Annotations:
D:7 1 runed translucent door, exclusion: door, justen's ghost, weakling OnCA


Innate Abilities, Weirdness & Mutations

Your facial features are unmistakably orcish.
You have hooves in place of feet.
You are completely covered in thin metallic scales. (AC +4, rElec)
A meltable icy envelope protects you from harm. (AC +8)
You regenerate a lot of health from kills.
You are extremely robust. (+30% HP)
A meltable shield of frost defends you. (SH +4)


Message History

You kill the sixfirhy!
Cheibriados thoroughly appreciates the change of pace.
The bolt of lightning hits the cacodemon!!!
The cacodemon resists.
The cacodemon is severely wounded.
You feel a surge of power! Lightning arcs from your hands!
The bolt of lightning hits the sixfirhy!!
The sixfirhy resists.
You kill the sixfirhy!
Cheibriados thoroughly appreciates the change of pace.
The bolt of lightning hits the cacodemon!!!!
The cacodemon resists.
You kill the cacodemon!
Cheibriados appreciates the change of pace.
An orange demon comes into view.
You feel a surge of power! Lightning arcs from your hands!
The bolt of lightning hits the orange demon!!!
The orange demon is almost dead.
You feel a surge of power! Lightning arcs from your hands!
The bolt of lightning hits the orange demon!!!
You kill the orange demon!
Cheibriados appreciates the change of pace.
You see here a jackal skeleton.
There is a stone staircase leading up here.
You fly upwards.
There is a stone staircase leading down here.
Magic restored.
A shadow demon comes into view.
You feel a surge of power! Lightning arcs from your hands!
The bolt of lightning hits the shadow demon!!!!
You kill the shadow demon!
Cheibriados appreciates the change of pace.
No target in view!
No target in view!
You see here a rat skeleton.
There is a staircase leading out of the dungeon here.
No target in view!
No target in view!
Unknown command.
You have escaped!

#....#.#...#.#.#.#..#.#........
##...#.#####.#.#.#.##.####.....
##..#.......#.#.#....###......
#.########.#.#.######........
#...................÷........
####.##############.#........
#.(.#..........#.#........
#.#.#.########.#.#........
#.#.#....@...#.#.#..##....
#.#.########.#.#.#..#.....
#.#..........#...#....##..
##################...#####
##.........## #..##.......#
#.###.#####.# #.#.........#
#.#.......#.#


There were no monsters in sight!

Vanquished Creatures
  Cerebov (Pan)
  Antaeus (Coc:7)
  the Royal Jelly (Slime:5)
  Asmodeus (Geh:7)
  Ignacio (Pan)
  Ereshkigal (Tar:7)
  Mnoleg (Pan)
  Gloorx Vloq (Pan)
  the Serpent of Hell (Geh:7)
  Lom Lobon (Pan)
  Dispater (Dis:7)
  3 orbs of fire (Zot:5)
  3 dread liches
  4 ancient liches
  Mennas (Vaults:3)
  4 juggernauts
  13 royal mummies
  Sojobo (Vaults:2)
  6 Killer Klowns (Zot:5)
  12 shard shrikes
  Vv (Zot:1)
  4 pandemonium lords
  Vashnia (Snake:2)
  A curse toe (Zot:5)
  30 caustic shrikes
  Geryon (Hell)
  Nikola (Elf:1)
  6 golden dragons
  20 profane servitors
  7 doom hounds
  the Enchantress (Depths:1)
  15 bone dragons
  The ghost of Coubraat the Warrior, an adept GrFi of Cheibriados (Crypt:1)
  19 Tzitzimimeh
  9 hellephants
  11 Brimstone Fiends
  The ghost of Gumuy the Crack Shot, an adept MiHu of Nemelex Xobeh (Depths:2)
  10 iron giants
  3 electric golems
  3 spectral shard shrikes
  24 Hell Sentinels
  28 Ice Fiends
  18 tentacled monstrosities
  6 liches
  23 Orb Guardians
  19 tainted leviathans
  Zenata (Elf:2)
  A quicksilver dragon (Zot:3)
  A walking earthen tome (Depths:2)
  A deep elf blademaster (Elf:3)
  15 searing wretches
  9 sphinxes
  3 walking divine tomes
  2 deep elf master archers (Elf:3)
  Murray (Depths:1)
  11 titans
  21 acid blobs
  6 tentacled starspawn
  19 Executioners (Pan)
  30 ancient champions
  6 death cobs
  8 storm dragons
  An eldritch tentacle (Pan)
  8 tengu reavers
  14 shadow dragons
  Roxanne (Elf:2)
  Aizul (Snake:1)
  4 draconian monks
  8 demonspawn warmongers
  6 narguns
  6 nagarajas
  8 azure jellies
  8 rockslimes
  4 revenants
  6 protean progenitors
  A fenstrider witch (Pan)
  12 frost giants
  4 deep elf sorcerers
  19 fire giants
  6 draconian shifters
  A deep elf elementalist (Elf:3)
  13 iron dragons
  32 balrugs
  3 caustic shrike zombies
  9 quicksilver elementals
  Louise (Snake:4)
  8 vault wardens
  3 juggernaut zombies
  2 ghost moths (Zot:5)
  4 draconian scorchers
  11 shard shrike simulacra
  5 curse skulls
  15 cacodemons
  4 spriggan defenders
  23 reapers
  13 orc warlords
  13 quicksilver oozes
  3 draconian annihilators
  17 ironbound preservers
  7 demonspawn blood saints (Pan)
  15 stone giants
  5 juggernaut skeletons
  6 demonspawn corrupters
  6 caustic shrike skeletons
  2 ironbound thunderhulks
  8 formless jellyfish
  17 very ugly things
  4 vampire knights
  26 elemental wellsprings
  11 demonspawn black suns (Pan)
  An eleionoma (Swamp:4)
  6 green draconians
  4 bennus (Tomb:2)
  A deep elf annihilator (Elf:3)
  3 deep elf demonologists
  4 purple draconians
  24 putrid mouths
  3 bunyips
  4 white draconians
  9 red draconians
  2 spectral titans
  19 wendigos
  7 deep elf death magi
  7 lorocyprocas (Pan)
  41 war gargoyles
  6 black draconians
  7 yellow draconians
  A dire elephant (Vaults:3)
  28 iron golems
  6 spark wasps
  13 eidola
  9 blizzard demons
  A crystal guardian (Vaults:4)
  9 green deaths
  5 fire dragons
  24 mummy priests
  Snorg (D:12)
  10 ettins
  6 jiangshi
  5 spectral spriggans
  A merfolk impaler (Depths:4)
  A spectral kraken (Tar:7)
  3 spriggan zombies
  5 great orbs of eyes
  8 yaktaur captains
  8 rakshasas
  A hydra (D:12)
  5 hell beasts
  An entropy weaver (shapeshifter) (Abyss:2)
  5 deep elf high priests
  9 caustic shrike simulacra
  8 ice dragons
  A spectral shadow dragon (Tar:1)
  11 salamander tyrants
  A shambling mangrove (Swamp:4)
  5 juggernaut simulacra
  4 anacondas
  3 catoblepae
  27 vault guards
  5 spriggan air magi
  2 merfolk aquamancers (Pan)
  A ghost crab (Swamp:4)
  A sphinx zombie (Crypt:1)
  A death knight (Crypt:2)
  6 alligators
  13 centaur warriors
  6 stokers
  A jorogumo (Pan)
  A peacekeeper (Vaults:4)
  3 ironbound frosthearts
  32 dancing weapons
  6 boulder beetles
  4 deep troll shamans
  3 two-headed ogres
  14 demonic crawlers
  8 vampire magi
  30 death scarabs
  2 deep troll earth magi
  11 hell hogs
  3 spectral emperor scorpions (Pan)
  A titan zombie (Hell)
  3 orc high priests
  7 shock serpents
  3 tengu warriors
  7 hell knights
  14 naga sharpshooters
  A storm dragon zombie (Tomb:2)
  A spectral storm dragon (Tar:2)
  2 occultists (Depths:1)
  4 spriggan berserkers
  8 naga warriors
  12 deep elf knights
  5 hellephant skeletons (Pan)
  A skyshark (shapeshifter) (Vaults:5)
  61 sun demons
  22 soul eaters
  6 wretched stars
  11 crystal echidnas
  A sea snake (Snake:3)
  A death drake (Abyss:4)
  A fire crab (shapeshifter) (Depths:3)
  5 salamander mystics
  14 shadow wraiths
  13 skeletal warriors
  A spatial maelstrom (Abyss:4)
  An iron troll (Depths:2)
  30 sixfirhies
  2 titan skeletons
  2 bog bodies
  A bunyip zombie (Crypt:3)
  6 quicksilver dragon simulacra
  A goliath frog (Swamp:2)
  4 deep elf archers
  A spriggan simulacrum (Coc:1)
  4 glowing orange brains
  4 swamp dragons
  36 deep trolls
  4 naga ritualists
  4 mana vipers
  6 sun moths (Pan)
  2 arcanists (Vaults:4)
  16 shadow demons
  A spriggan druid (Swamp:3)
  4 flayed ghosts
  19 phantasmal warriors
  A golden dragon skeleton (Crypt:1)
  3 orange crystal statues
  Pikel (D:5)
  11 ironbound convokers
  3 thermic dynamos (Elf:2)
  18 necromancers
  4 anaconda skeletons
  A bunyip skeleton (Tomb:2)
  A spectral hydra (Swamp:4)
  17 deep elf pyromancers
  An alligator zombie (Hell)
  25 large abominations
  18 orc knights
  6 orc sorcerers
  16 deep elf zephyrmancers
  4 harpies (D:13)
  A lindwurm (Vaults:1)
  8 wolf spiders
  An iron dragon zombie (Crypt:1)
  2 manticores (D:14)
  2 will-o-the-wisps (Swamp:4)
  An obsidian bat (Abyss:3)
  4 shining eyes (Slime:5)
  3 cyclopes
  14 ugly things
  2 spectral ettins (Tar:3)
  An alligator skeleton (Hell)
  3 stone giant zombies
  16 salamanders
  2 worldbinders
  6 centaur zombies (Crypt:3)
  7 rust devils
  2 meliai (D:13)
  A dire elephant zombie (Tomb:1)
  18 moths of wrath
  15 vault sentinels
  11 naga magi
  An eleionoma skeleton (Crypt:2)
  3 apocalypse crabs (Abyss:3)
  6 ice statues
  22 black mambas
  2 black mambas (shapeshifter) (Elf:1)
  A kobold blastminer (Orc:2)
  A guardian serpent (Snake:4)
  A water nymph (shapeshifter) (Vaults:5)
  12 molten gargoyles
  33 smoke demons
  Jeremiah (D:6)
  5 titan simulacra
  7 eyes of devastation
  5 cane toads
  2 centaur skeletons (Crypt:3)
  3 gargoyles
  3 dire elephant skeletons
  6 komodo dragons
  A black draconian zombie (Crypt:1)
  19 orange demons
  An orc skeleton (Crypt:3)
  A storm dragon simulacrum (Coc:1)
  An unseen horror (D:12)
  33 hellions
  11 spectral swamp worms (Tar:7)
  Maggie (D:10)
  A swamp worm zombie (Swamp:4)
  18 yaktaurs
  A bunyip simulacrum (Hell)
  8 anaconda simulacra
  2 kobold demonologists (D:11)
  3 tengu conjurers
  23 tormentors
  7 efreet
  A golden dragon simulacrum (IceCv)
  2 ice devils
  5 ancient zymes
  15 freezing wraiths
  2 iron giant simulacra
  A sea snake zombie (Hell)
  5 red devils
  A silent spectre (Tar:7)
  A spectral naga (Tar:3)
  A hydra zombie (Swamp:4)
  6 catoblepas skeletons (Abyss:4)
  3 bloated husks
  33 guardian mummies
  29 hellwings
  A harpy zombie (D:13)
  8 hornets
  A sea snake skeleton (Hell)
  7 trolls
  A polar bear (Lair:1)
  6 spectral harpies
  2 iron dragon simulacra
  10 raiju (Abyss:3)
  10 blink frogs
  4 glass eyes
  3 harpy skeletons
  3 alligator simulacra (IceCv)
  A snapping turtle (shapeshifter) (Depths:4)
  A blink frog (shapeshifter) (D:14)
  A hydra skeleton (Hell)
  5 tyrant leeches
  A stone giant simulacrum (Coc:5)
  3 dream sheep (Lair:4)
  An ice dragon skeleton (Crypt:1)
  3 jumping spiders (Crypt:3)
  9 spriggans
  A centaur simulacrum (Coc:2)
  2 air elementals (Elf:1)
  66 slime creatures
  12 ynoxinuls
  2 ettin skeletons
  8 dire elephant simulacra
  A spriggan (shapeshifter) (Elf:2)
  3 shadows
  9 wraiths
  8 water elementals
  3 wyverns
  27 ushabtiu
  4 vampires
  27 starcursed masses
  3 naga simulacra
  14 yaks
  A basilisk (Abyss:4)
  8 fire elementals
  3 redbacks
  4 wargs
  13 neqoxecs
  A black mamba skeleton (Tomb:2)
  2 golden eyes (Depths:1)
  6 vampire mosquitoes
  A redback (shapeshifter) (Elf:1)
  2 tyrant leech zombies (Swamp:4)
  16 chaos spawn
  24 nagas
  10 harpy simulacra
  11 swamp worms
  5 small abominations
  An acid dragon (D:13)
  7 water moccasins
  6 naga zombies
  2 hell hounds (Snake:3)
  9 hydra simulacra
  A merfolk skeleton (Crypt:1)
  39 orc warriors
  2 naga skeletons
  A sky beast (shapeshifter) (Elf:1)
  A swamp drake (D:11)
  A dream sheep zombie (Crypt:1)
  An ice beast (shapeshifter) (D:14)
  2 sky beasts
  14 ogres
  5 ice beasts
  3 ettin simulacra
  21 laughing skulls
  A swamp dragon zombie (Swamp:4)
  A black bear (D:7)
  A wolf (Lair:1)
  9 centaurs
  A lemure (D:6)
  4 kobold brigands
  2 phantoms
  6 weeping skulls
  3 brain worms
  9 bullfrogs
  5 earth elementals (Abyss:4)
  A gnoll sergeant (D:12)
  3 scorpions
  9 wyvern skeletons (Crypt:3)
  13 killer bees
  A raiju zombie (Crypt:2)
  A shapeshifter zombie (Crypt:2)
  A lindwurm simulacrum (IceCv)
  A swamp dragon simulacrum (Coc:1)
  5 spriggan skeletons
  2 electric eels (Snake:3)
  6 howler monkeys
  A crimson imp (Abyss:3)
  5 quasits
  3 hounds
  A jelly (shapeshifter) (Vaults:5)
  9 lava snakes
  A bombardier beetle (D:6)
  A jelly (D:5)
  20 orc priests
  2 iron imps (Abyss:2)
  4 gnoll boudas
  3 iguanas
  15 orc wizards
  2 hell rats (D:8)
  A crocodile zombie (Crypt:1)
  A tengu zombie (Crypt:2)
  A crocodile skeleton (Crypt:2)
  40 mummies
  17 gnolls
  8 adders
  A swamp drake skeleton (Crypt:2)
  2 white imps
  5 ufetubi
  A dart slug (D:3)
  A ribbon worm (D:4)
  55 orcs
  7 bats
  5 endoplasms
  3 giant cockroaches
  4 goblins
  4 hobgoblins
  17 jackals
  2 quokkas
  5 ball pythons
  2 frilled lizards
  A goblin skeleton (Crypt:2)
  19 kobolds
  2 rats
  12 aspiring fleshes
  A ball lightning (Crypt:3)
  2 creeping infernos (Geh:7)
  5 starspawn tentacles
  5 tentacles (Tar:7)
3214 creatures vanquished.

Vanquished Creatures (collateral kills)
  Frederick (Vaults:2)
  Mara (Vaults:3)
  Xtahua (Vaults:2)
  Boris (Vaults:1)
  Bai Suzhen (Vaults:2)
  Saint Roka (Vaults:3)
  Asterion (Depths:1)
  A deep elf blademaster (Elf:3)
  3 sphinxes
  Frances (Snake:2)
  Agnes (Snake:3)
  The ghost of ForkInBrain the Warrior, an adept VSBr of Wu Jian (Swamp:3)
  Donald (Vaults:2)
  2 nagarajas
  A fenstrider witch (Swamp:4)
  6 vault wardens
  A deep elf sorcerer (Elf:3)
  3 deep elf elementalists (Elf:3)
  3 ironbound thunderhulks
  A stone giant (Depths:1)
  4 very ugly things
  9 ironbound preservers
  4 deep elf death magi (Elf:3)
  A vampire knight (D:13)
  Azrael (Snake:3)
  An eleionoma (Swamp:4)
  3 deep elf demonologists (Elf:3)
  A bunyip (Swamp:3)
  A deep elf annihilator (Elf:3)
  2 ettins (Vaults:3)
  A crystal guardian (Vaults:4)
  6 yaktaur captains
  A fire dragon (D:15)
  6 great orbs of eyes
  A peacekeeper (Vaults:1)
  2 entropy weavers (Vaults:2)
  2 catoblepae (Lair:5)
  2 salamander tyrants
  5 vault guards
  A caustic shrike simulacrum (IceCv)
  3 hydras
  5 ironbound frosthearts
  A boulder beetle (Vaults:3)
  3 centaur warriors
  An alligator (Swamp:1)
  An orc apostle (D:15)
  3 two-headed ogres
  10 dancing weapons
  12 death yaks
  10 naga warriors
  A hell knight (Volcano)
  Nergalle (D:10)
  6 naga sharpshooters
  6 shock serpents
  Amaemon (Lair:3)
  2 deep elf knights (Elf:2)
  6 skeletal warriors
  2 goliath frogs
  3 salamander mystics
  6 mana vipers
  A glowing orange brain (Depths:1)
  A death drake (Swamp:4)
  3 spectral hydras (Swamp:4)
  25 deep trolls
  3 deep elf archers
  2 swamp dragons
  2 spectral alligators (Swamp:4)
  4 naga ritualists
  4 lindwurms
  2 bog bodies (Swamp:4)
  2 spriggan druids
  A phantasmal warrior (Vaults:3)
  3 arcanists
  5 deep elf pyromancers
  2 necromancers (D:13)
  An alligator zombie (Swamp:4)
  A thermic dynamo (Elf:2)
  7 orc knights
  4 ironbound convokers
  2 deep elf zephyrmancers
  13 ugly things
  17 salamanders
  2 manticores (Lair:5)
  A cyclops (Snake:2)
  4 meliai (D:13)
  A guardian serpent (Snake:3)
  A kobold blastminer (Orc:2)
  15 elephants
  An elephant (shapeshifter) (Elf:1)
  8 vault sentinels
  9 naga magi
  14 black mambas
  An orange demon (Lair:3)
  2 gargoyles (D:13)
  10 komodo dragons
  6 cane toads
  A swamp worm zombie (Swamp:4)
  A rime drake (Lair:2)
  7 freezing wraiths
  6 yaktaurs
  An anaconda simulacrum (IceCv)
  2 hydra zombies (Swamp:4)
  2 golden dragon simulacra (IceCv)
  5 harpy zombies (D:13)
  6 hornets
  A tyrant leech (Swamp:3)
  A bloated husk (Swamp:4)
  A hellwing (D:13)
  6 polar bears (Lair:4)
  A troll (Orc:1)
  A tarantella (Vaults:2)
  An alligator simulacrum (IceCv)
  2 spectral swamp dragons (Swamp:4)
  5 blink frogs
  4 dream sheep (Lair:4)
  3 slime creatures
  4 spriggans
  A shadow (D:10)
  4 vampires (D:13)
  3 dire elephant simulacra (IceCv)
  A water elemental (Elf:2)
  2 basilisks
  3 tyrant leech zombies (Swamp:4)
  3 wyverns (Lair:4)
  A wraith (D:11)
  25 yaks
  3 fire elementals
  A vampire mosquito (D:12)
  A steam dragon (Lair:2)
  2 redbacks (Vaults:2)
  2 harpy simulacra (IceCv)
  Grum (D:10)
  17 nagas
  An acid dragon (D:10)
  2 swamp worms (Swamp:4)
  A hell hound (Snake:3)
  7 water moccasins
  A swamp drake (Swamp:3)
  2 black bears (Lair:4)
  3 swamp dragon zombies (Swamp:4)
  4 orc warriors
  4 ogres
  5 wolves
  A centaur (Volcano)
  5 phantoms (Swamp:4)
  4 bullfrogs
  A lindwurm simulacrum (IceCv)
  A howler monkey (D:10)
  A lava snake (Snake:1)
  2 orc priests
  4 gnolls (D:9)
  3 orcs
  6 kobolds
  10 ball lightnings
548 creatures vanquished.

Vanquished Creatures (others)
  2 Ice Fiends (Coc:4)
  An eldritch tentacle (Pan)
  A shard shrike simulacrum (Coc:7)
  A deep elf elementalist (Elf:3)
  A formless jellyfish (Vaults:2)
  2 elemental wellsprings (Coc:4)
  A spectral kraken (Tar:7)
  2 caustic shrike simulacra
  A stoker (Geh:7)
  A dancing weapon (Elf:2)
  A deep elf knight (Elf:1)
  An orc high priest (Elf:2)
  2 quicksilver dragon simulacra
  An orange crystal statue (Snake:2)
  A deep elf zephyrmancer (Elf:1)
  2 orc knights
  A molten gargoyle (Hell)
  23 orc apostles
  3 bloated husks (Swamp:4)
  A harpy simulacrum (Coc:7)
  7 hydra simulacra (Depths:2)
  7 orc warriors
  2 phantoms (Swamp:4)
  5 orc priests
  An orc wizard (Orc:2)
  17 orcs
  682 ball lightnings
  12 foxfires
  5 starspawn tentacles
  3 tentacles (Tar:7)
790 creatures vanquished.

Grand Total: 4552 creatures vanquished

Notes
Turn   | Place    | Note
-------+----------+-------------------------------------------
     0 | D:1      | gameguard the Demonspawn Air Elementalist began the quest
                  | for the Orb.
     0 | D:1      | Reached XP level 1. HP: 13/13 MP: 3/3
   558 | D:1      | Gained mutation: You are partially covered in thin metallic
                  | scales. (AC +2) [demonic ancestry]
   558 | D:1      | Reached XP level 2. HP: 19/19 MP: 1/5
   685 | D:1      | Reached skill level 3 in Air Magic
   802 | D:1      | Learned a level 2 spell: Static Discharge
  1155 | D:2      | Gained mutation: You regenerate a little health from kills.
                  | [demonic ancestry]
  1155 | D:2      | Reached XP level 3. HP: 12/24 MP: 3/6
  1272 | D:2      | Learned a level 3 spell: Swiftness
  2090 | D:2      | Learned a level 1 spell: Kiss of Death
  2219 | D:3      | Reached XP level 4. HP: 26/30 MP: 3/7
  2300 | D:3      | Identified a scroll of acquirement
  2474 | D:3      | Found a shadowy altar of Dithmenos.
  2519 | D:3      | Became a worshipper of Beogh the Shepherd
  2720 | D:3      | Found a faded altar of an unknown god.
  3029 | D:3      | Acquired 850 gold pieces
  3031 | D:3      | Acquired the +3 warlock's mirror {omnireflect}
  3031 | D:3      | Found the +3 warlock's mirror {omnireflect}
  3141 | D:4      | Reached skill level 1 in Necromancy
  3141 | D:4      | Gained mutation: You are mostly covered in thin metallic
                  | scales. (AC +3) [demonic ancestry]
  3141 | D:4      | Reached XP level 5. HP: 27/36 MP: 2/9
  3264 | D:4      | You fall into a shaft and drop 1 floor!
  3264 | D:5      | Entered Level 5 of the Dungeon
  3951 | D:5      | Reached skill level 1 in Shields
  3951 | D:5      | Reached skill level 4 in Air Magic
  4325 | D:5      | Reached skill level 1 in Fighting
  4358 | D:5      | Reached XP level 6. HP: 42/43 MP: 5/10
  4513 | D:5      | Reached * piety under Beogh
  4930 | D:5      | Found Uhefomn's Specific Store.
  5013 | D:5      | Learned a level 4 spell: Airstrike
  5020 | D:5      | Found Inwyteerphi's General Store.
  5032 | D:5      | Bought a scroll of fog for 60 gold pieces
  5308 | D:6      | Noticed an ice beast
  5324 | D:6      | Noticed Jeremiah
  5402 | D:5      | Reached XP level 7. HP: 34/49 MP: 4/11
  5547 | D:6      | Noticed Pikel
  5907 | D:5      | Reached skill level 1 in Invocations
  6188 | D:6      | Killed Jeremiah
  6189 | D:6      | Reached skill level 1 in Short Blades
  6189 | D:6      | Reached skill level 5 in Air Magic
  6385 | D:6      | Reached XP level 8. HP: 34/56 MP: 1/13
  6757 | D:5      | Killed Pikel
  6758 | D:5      | Reached skill level 7 in Air Magic
  7573 | D:6      | Found a staircase to the Ecumenical Temple.
  7613 | D:6      | Reached skill level 8 in Air Magic
  7613 | D:6      | Reached XP level 9. HP: 60/61 MP: 9/15
  7677 | Temple   | Entered the Ecumenical Temple
  7788 | D:6      | Acquired the amulet "Amuuludy" {Reflect Rampage rC+ rCorr
                  | Dex-3 SH+5 Stlth+}
  7836 | D:6      | Found a sparkling altar of Nemelex Xobeh.
  8723 | D:7      | Found a runed translucent door.
  8813 | D:7      | Found a shimmering altar of Xom.
  8813 | D:7      | Noticed justen's ghost (weakling OnCA)
  8814 | D:7      | Noticed a +0 war axe of chaos
  9282 | D:7      | Reached ** piety under Beogh
  9283 | D:7      | Reached skill level 5 in Conjurations
  9302 | D:7      | Reached skill level 5 in Spellcasting
  9302 | D:7      | Reached skill level 9 in Air Magic
 10307 | D:8      | Noticed a death yak
 10397 | D:7      | Learned a level 4 spell: Summon Lightning Spire
 10682 | D:8      | Gained mutation: You regenerate health from kills. [demonic
                  | ancestry]
 10682 | D:8      | Reached XP level 10. HP: 71/71 MP: 7/18
 11079 | D:8      | Reached skill level 1 in Summonings
 11079 | D:8      | Reached skill level 1 in Evocations
 11147 | D:8      | Found a staircase to the Lair.
 11770 | D:9      | Reached skill level 10 in Air Magic
 11781 | D:9      | Reached *** piety under Beogh
 11813 | D:9      | Noticed Rocco
 11900 | D:9      | Anointed Rocco the warrior as your apostle
 12898 | D:9      | Noticed a two-headed ogre
 12904 | D:9      | Killed a two-headed ogre
 12905 | D:9      | Reached skill level 5 in Fighting
 12905 | D:9      | Reached skill level 5 in Invocations
 13205 | D:10     | Entered Level 10 of the Dungeon
 13236 | D:10     | Gained mutation: You have large cloven feet. [demonic
                  | ancestry]
 13236 | D:10     | Reached XP level 11. HP: 80/80 MP: 3/20
 13240 | D:10     | Reached skill level 1 in Armour
 13241 | D:10     | Noticed Grum
 13261 | D:10     | Killed Grum
 13285 | D:10     | Anointed Brandogh the priest as your apostle
 13446 | D:10     | Noticed Maggie
 13450 | D:10     | Killed Maggie
 13484 | D:10     | Learned a level 3 spell: Fugue of the Fallen
 13493 | D:10     | Noticed a two-headed ogre
 13500 | D:10     | Killed a two-headed ogre
 13654 | D:10     | Found Noiculen's Magic Scroll Shop.
 13659 | D:10     | Bought a scroll of teleportation for 42 gold pieces
 13659 | D:10     | Bought a scroll of identify for 28 gold pieces
 13659 | D:10     | Bought a scroll of poison for 56 gold pieces
 13659 | D:10     | Bought a scroll of fog for 56 gold pieces
 13690 | D:10     | Reached **** piety under Beogh
 13808 | D:10     | Identified the +1 helmet of Solemn Beauty {Str+3 SInv}
 14368 | D:10     | Noticed Nergalle
 14376 | D:10     | Killed Nergalle
 14585 | D:8      | Killed a death yak
 14993 | Lair:1   | Entered Level 1 of the Lair of Beasts
 15266 | Lair:1   | Reached skill level 5 in Shields
 15546 | Lair:1   | Found the +5 robe of Misfortune {Harm *Corrode *Slow EV+5}
 16251 | Lair:2   | Reached skill level 5 in Evocations
 16528 | Lair:2   | Reached XP level 12. HP: 73/89 MP: 15/23
 17256 | Lair:2   | Found a staircase to the Swamp.
 17256 | Lair:2   | Noticed an alligator
 17561 | Lair:3   | Noticed a death yak
 17564 | Lair:3   | Noticed a death yak
 17564 | Lair:3   | Noticed a death yak
 17565 | Lair:3   | Noticed a death yak
 17568 | Lair:3   | Killed a death yak
 17571 | Lair:3   | Your ally Brandogh died
 17573 | Lair:3   | Killed a death yak
 17577 | Lair:3   | Killed a death yak
 17584 | Lair:3   | Killed a death yak
 17814 | Lair:3   | Identified the +8 halberd of Uncomfortable Rashes {holy,
                  | Fly rC+ Dex+3}
 17814 | Lair:3   | Noticed Agrik
 17816 | Lair:3   | Reached skill level 5 in Dodging
 17827 | Lair:3   | Reached skill level 11 in Air Magic
 17836 | Lair:3   | Found a staircase to the Snake Pit.
 17838 | Lair:3   | Anointed Agrik the warrior as your apostle
 17931 | Lair:3   | Noticed Amaemon
 17936 | Lair:3   | Killed Amaemon
 19212 | Lair:4   | Gained mutation: A meltable shield of frost defends you.
                  | (SH +4) [demonic ancestry]
 19212 | Lair:4   | Reached XP level 13. HP: 98/98 MP: 22/25
 20535 | Lair:4   | Reached skill level 5 in Necromancy
 21132 | Lair:4   | Learned a level 2 spell: Sublimation of Blood
 21142 | Lair:4   | Learned a level 4 spell: Vhi's Electric Charge
 21147 | Lair:5   | Entered Level 5 of the Lair of Beasts
 21311 | Lair:5   | Reached skill level 12 in Air Magic
 22003 | Lair:5   | Reached XP level 14. HP: 108/108 MP: 14/27
 22292 | Lair:5   | Found a staircase to the Slime Pits.
 22917 | D:11     | Identified the ring of Disaster {rPois rF- rN+++ Dex-5
                  | Slay+4}
 23724 | D:11     | Your ally Agrik died
 23727 | D:11     | Anointed Gorg the warrior as your apostle
 23896 | D:11     | Found a staircase to the Orcish Mines.
 24189 | Orc:1    | Entered Level 1 of the Orcish Mines
 24207 | Orc:1    | Reached ***** piety under Beogh
 24360 | Orc:1    | Found Ukhiocs's Jewellery Boutique.
 24371 | Orc:1    | Bought a ring of protection from fire for 375 gold pieces
 24387 | Orc:1    | Found a dark tunnel.
 24413 | Volcano  | Entered a volcano
 24436 | Volcano  | Your ally Rocco died
 24669 | Orc:1    | Found a roughly hewn altar of Beogh.
 25010 | Orc:2    | Entered Level 2 of the Orcish Mines
 25309 | Orc:2    | Found a staircase to the Elven Halls.
 25487 | Orc:2    | Your ally Gorg died
 25652 | Orc:2    | Found Dunydousch's Jewellery Shop.
 25663 | Orc:2    | Bought the amulet of Vitality {Regen++ RegenMP++} for 1500
                  | gold pieces
 25663 | Orc:2    | Found the amulet of Vitality {Regen++ RegenMP++}
 25858 | Orc:2    | Found Muso's Antique Weapon Boutique.
 25878 | Orc:2    | Found Oquac's Antique Armour Shop.
 25957 | Orc:2    | Noticed an orc warlord
 25979 | Orc:2    | Pacified an orc warlord
 25990 | Orc:2    | Reached skill level 10 in Spellcasting
 26039 | Orc:2    | Found Manutiuv's General Store.
 26094 | Orc:2    | Found a roughly hewn altar of Beogh.
 26182 | Orc:2    | Found Booj's Distillery.
 26186 | Orc:2    | Bought a potion of magic for 88 gold pieces
 26186 | Orc:2    | Bought a potion of heal wounds for 55 gold pieces
 26186 | Orc:2    | Bought a potion of curing for 33 gold pieces
 26186 | Orc:2    | Bought 2 potions of curing for 66 gold pieces
 26186 | Orc:2    | Bought a potion of curing for 33 gold pieces
 26397 | D:12     | Reached skill level 10 in Fighting
 26626 | D:12     | Noticed Snorg
 26639 | D:12     | Killed Snorg
 27000 | D:12     | Found Gitotur's Magic Scroll Emporium.
 27003 | D:12     | Bought a scroll of teleportation for 36 gold pieces
 27003 | D:12     | Bought a scroll of teleportation for 36 gold pieces
 27008 | D:12     | Learned a level 4 spell: Dispel Undead
 27846 | D:13     | Found a flickering gateway to a bazaar.
 27865 | Bazaar   | Entered a bazaar
 27890 | Bazaar   | Found Zeyschuon's Assorted Antiques.
 27906 | Bazaar   | Found Binn's Antique Armour Shoppe.
 27934 | Bazaar   | Found Enkan's Magic Scroll Shoppe.
 27939 | Bazaar   | Bought a scroll of fear for 52 gold pieces
 27969 | Bazaar   | Bought a scroll of enchant armour for 97 gold pieces
 28046 | D:13     | Reached skill level 1 in Translocations
 28220 | D:13     | Found a gate to the Vaults.
 28241 | D:13     | Got Sif Muna's Secrets of Transposition and Support
 28602 | D:13     | Gained mutation: A meltable icy envelope protects you from
                  | harm. (AC +8) [demonic ancestry]
 28602 | D:13     | Reached XP level 15. HP: 89/115 MP: 17/29
 28782 | D:13     | Reached skill level 13 in Air Magic
 28909 | D:13     | Identified the +1 dagger "Doewnoib" {heavy, rF+ rCorr
                  | Dex+3}
 28909 | D:13     | Identified the +2 robe of Vexation {rN++ Archmagi}
 28973 | D:13     | Reached ****** piety under Beogh
 29771 | D:14     | Found a stormy altar of Qazlal.
 30255 | D:15     | Entered Level 15 of the Dungeon
 30291 | D:15     | Your ally Agrik died
 30583 | D:15     | Your ally Gorg died
 30629 | D:15     | Found a staircase to the Depths.
 30919 | D:15     | Your ally Rocco died
 32133 | Swamp:1  | Entered Level 1 of the Swamp
 32142 | Swamp:1  | Reached skill level 14 in Air Magic
 32216 | Swamp:1  | Acquired a staff of air
 33186 | Swamp:2  | Reached XP level 16. HP: 122/122 MP: 21/31
 33479 | Swamp:3  | Found a runed translucent door.
 33480 | Swamp:3  | Found a shimmering altar of Xom.
 33480 | Swamp:3  | Noticed ForkInBrain's ghost (adept VSBr)
 33530 | Swamp:3  | Killed ForkInBrain's ghost
 33532 | Swamp:3  | Identified the +0 ring mail of Vexation {Int+3}
 34169 | Swamp:4  | Entered Level 4 of the Swamp
 34199 | Swamp:4  | Reached skill level 10 in Necromancy
 34216 | Swamp:4  | Reached skill level 15 in Air Magic
 34216 | Swamp:4  | Gained mutation: You have hoof-like feet. [demonic
                  | ancestry]
 34216 | Swamp:4  | Reached XP level 17. HP: 129/129 MP: 32/32
 34227 | Swamp:4  | Learned a level 8 spell: Maxwell's Capacitive Coupling
 34241 | Swamp:4  | Your ally Gorg died
 34244 | Swamp:4  | Your ally Rocco died
 34776 | Swamp:4  | Reached skill level 10 in Evocations
 34811 | Swamp:4  | Noticed a bone dragon
 34818 | Swamp:4  | Killed a bone dragon
 34822 | Swamp:4  | Reached skill level 1 in Staves
 35152 | Swamp:4  | Got a decaying rune of Zot
 35263 | Swamp:3  | Identified the +7 war axe "Jyrokexu" {flame, Str+4}
 35351 | Snake:1  | Entered Level 1 of the Snake Pit
 35422 | Snake:1  | Identified the serpent talisman of the Wilderness {rElec
                  | Str+5 Int-4}
 35422 | Snake:1  | Noticed Aizul
 35428 | Snake:1  | Killed Aizul
 35589 | Snake:1  | Your ally Agrik died
 35811 | Snake:1  | Reached skill level 16 in Air Magic
 36049 | Snake:1  | Acquired the Papyrus of Mighty Invitation
 36056 | Snake:1  | Learned a level 4 spell: Martyr's Knell
 36281 | Snake:1  | You fall into a shaft and drop 1 floor!
 36304 | Snake:2  | Gained mutation: You are completely covered in thin
                  | metallic scales. (AC +4, rElec) [demonic ancestry]
 36304 | Snake:2  | Reached XP level 18. HP: 138/138 MP: 8/34
 36518 | Snake:2  | Noticed Vashnia
 36543 | Snake:2  | Killed Vashnia
 36556 | Snake:2  | Found a transporter.
 37061 | Snake:2  | Found a transporter.
 37075 | Snake:2  | Noticed Frances
 37083 | Snake:2  | Killed Frances
 37480 | Snake:2  | Learned a level 6 spell: Conjure Ball Lightning
 37914 | Snake:2  | Your ally Rocco died
 37917 | Snake:2  | Your ally Agrik died
 38026 | Snake:2  | Identified the +6 halberd of Wyrd {venom, ^Drain rCorr
                  | Str+6 Int+3}
 38040 | Snake:2  | Anointed Bogwald the warrior as your apostle
 38186 | Snake:3  | Noticed Agnes
 38191 | Snake:3  | Your ally Gorg died
 38193 | Snake:3  | Killed Agnes
 38705 | Snake:3  | Noticed Azrael
 38709 | Snake:3  | Killed Azrael
 38807 | Snake:3  | Reached skill level 17 in Air Magic
 39158 | Snake:4  | Entered Level 4 of the Snake Pit
 39161 | Snake:4  | Found a glacial archway.
 39173 | Snake:4  | Learned a level 2 spell: Blink
 39242 | IceCv    | Entered an ice cave
 39433 | IceCv    | Identified the +4 helmet of Hykuj {rC++ Will+++ Dex-4}
 40099 | Snake:4  | Reached skill level 10 in Invocations
 40115 | Snake:4  | Reached XP level 19. HP: 112/146 MP: 28/36
 40147 | Snake:4  | Your ally Agrik died
 40148 | Snake:4  | Your ally Gorg died
 40171 | Snake:4  | Your ally Bogwald died
 40403 | Snake:4  | Noticed Louise
 40410 | Snake:4  | Reached skill level 18 in Air Magic
 40429 | Snake:4  | Killed Louise
 40674 | Snake:4  | Got a serpentine rune of Zot
 41249 | Elf:1    | Entered Level 1 of the Elven Halls
 41250 | Elf:1    | Paralysed by an air elemental for 1 turns
 41255 | Elf:1    | Paralysed by an air elemental for 1 turns
 41519 | Elf:1    | Noticed Nikola
 41527 | Elf:1    | Killed Nikola
 42075 | Elf:1    | Found Enotzulylap's Jewellery Boutique.
 42288 | Elf:2    | Noticed Roxanne
 42290 | Elf:2    | Your ally Agrik died
 42293 | Elf:2    | Your ally Gorg died
 42303 | Elf:2    | Killed Roxanne
 42421 | Elf:2    | Your ally Bogwald died
 42487 | Elf:2    | Found a runed translucent gate.
 42487 | Elf:2    | Found a runed translucent gate.
 42488 | Elf:2    | Found a runed translucent gate.
 42525 | Elf:2    | Reached skill level 19 in Air Magic
 42644 | Elf:2    | Found Benuil's Globular Garage.
 43051 | Elf:2    | Noticed Zenata
 43249 | Elf:2    | Killed Zenata
 43285 | Elf:2    | Gained mutation: You have hooves in place of feet. [demonic
                  | ancestry]
 43285 | Elf:2    | Reached XP level 20. HP: 153/153 MP: 31/38
 43490 | Elf:3    | Entered Level 3 of the Elven Halls
 43558 | Elf:3    | Anointed Zartorak the warrior as your apostle
 44181 | Elf:3    | Identified the +8 quarterstaff of the Golden God {heavy,
                  | rElec rCorr}
 44244 | Elf:3    | Identified the +1 rapier of Starshine {flame, Str+2}
 44322 | Elf:3    | Found the ring of the Octopus King {Wiz HP+2 AC+2 EV+2
                  | SH+2}
 44358 | Elf:3    | Identified the ring of Hucluim {rC+ Will+ Str+2}
 44376 | Elf:3    | Reached skill level 20 in Air Magic
 44411 | Elf:3    | Reached skill level 15 in Spellcasting
 44574 | Elf:3    | Got the Atlas of Space
 44601 | Elf:3    | Found the +15 Maxwell's patent armour {-Cast -Tele rElec
                  | Will+ rCorr}
 44657 | Elf:3    | Identified the +4 sling of Dawn {freeze, rElec rPois Will+
                  | Dex+2}
 44700 | Elf:3    | Identified the +6 halberd "Niriose" {vamp, rElec rC+ Int+3}
 44771 | Elf:3    | Identified the ring "Asmaan" {Will+ Str+5}
 45054 | Orc:2    | Bought a potion of resistance for 110 gold pieces
 45054 | Orc:2    | Bought a potion of lignification for 33 gold pieces
 45218 | Vaults:1 | Entered Level 1 of the Vaults
 46067 | Vaults:1 | Identified the +3 robe of the Evening {rElec rF+ Int-5}
 46067 | Vaults:1 | Noticed Boris
 46075 | Vaults:1 | Killed Boris
 46112 | Vaults:1 | Identified the +2 ring mail of the Endless Hosts {Fly rF+
                  | Regen+}
 46186 | Vaults:1 | Found Henabak's Armour Shop.
 46481 | Vaults:1 | Identified the +5 arbalest "Gram" {penet, *Slow rPois
                  | Str+2}
 46959 | Vaults:2 | Your ally Bogwald died
 47178 | Vaults:2 | Identified the orb "Dioto" {light, rN+}
 47178 | Vaults:2 | Noticed Frederick
 47179 | Vaults:2 | Noticed Bai Suzhen
 47215 | Vaults:2 | Killed Bai Suzhen
 47362 | Vaults:2 | Killed Frederick
 47363 | Vaults:2 | Reached skill level 21 in Air Magic
 47488 | Vaults:2 | Noticed Sojobo
 47494 | Vaults:2 | Noticed Donald
 47495 | Vaults:2 | Killed Sojobo
 47496 | Vaults:2 | Reached XP level 21. HP: 123/163 MP: 23/40
 47499 | Vaults:2 | Killed Donald
 47502 | Vaults:2 | Your ally Agrik died
 47549 | Vaults:2 | Found Oweluim's Distillery.
 47593 | Vaults:2 | Bought a potion of heal wounds for 90 gold pieces
 47593 | Vaults:2 | Bought a potion of curing for 54 gold pieces
 47634 | Vaults:2 | Your ally Zartorak died
 47837 | Vaults:2 | You fall into a shaft and drop 2 floors!
 48031 | Vaults:3 | Paralysed by a formless jellyfish for 1 turns
 48149 | Vaults:3 | Identified the +10 dire flail of Xom {heavy, +Blink Dex+3
                  | Stlth+}
 48156 | Vaults:3 | Noticed Mara
 48159 | Vaults:3 | Killed Mara
 48161 | Vaults:3 | Your ally Zartorak died
 48167 | Vaults:3 | Anointed Spirok the warrior as your apostle
 48443 | Vaults:3 | Your ally Spirok died
 48744 | Vaults:3 | Noticed Mennas
 48908 | Vaults:2 | Identified the +7 sling "Kojogif" {drain, Int+8 Dex-2}
 48912 | Vaults:2 | Reached skill level 22 in Air Magic
 49334 | Vaults:2 | Noticed Xtahua
 49362 | Vaults:2 | Killed Xtahua
 49723 | Vaults:3 | Noticed Saint Roka
 49740 | Vaults:3 | Killed Saint Roka
 49830 | Vaults:3 | Killed Mennas
 49895 | Vaults:3 | Found a staircase to the Crypt.
 49895 | Vaults:3 | Found a basalt altar of Yredelemnul.
 49896 | Vaults:3 | Found an ancient bone altar of Kikubaaqudgha.
 50734 | Vaults:4 | Gained mutation: You are robust. (+10% HP) [demonic
                  | ancestry]
 50734 | Vaults:4 | Reached XP level 22. HP: 167/189 MP: 20/43
 51460 | Depths:1 | Entered Level 1 of the Depths
 51469 | Depths:1 | Noticed Asterion
 51478 | Depths:1 | Killed Asterion
 51550 | Depths:1 | Learned a level 5 spell: Borgnjor's Vile Clutch
 51619 | Depths:1 | Found an iron altar of Okawaru.
 51646 | Depths:1 | Was placed under penance by Beogh
 51948 | Temple   | Fell from the grace of Beogh
 51948 | Temple   | Became a worshipper of Cheibriados the Contemplative
 51951 | Temple   | Upgraded the game from 0.32-a0-876-gcfddb08e57 to
                  | 0.32-a0-886-g41c5271027
 52416 | Depths:1 | Noticed the Enchantress
 52421 | Depths:1 | Killed the Enchantress
 52482 | Depths:1 | Identified the +11 chain mail of Waskiq {Harm rF+ rC-
                  | Stlth+}
 52484 | Depths:1 | Found a gateway to Hell.
 52983 | Depths:2 | Found a radiant altar of Vehumet.
 53058 | Depths:2 | Reached * piety under Cheibriados
 53331 | Depths:2 | Found a one-way gate leading to the halls of Pandemonium.
 53336 | Depths:2 | Reached skill level 23 in Air Magic
 53732 | Depths:2 | Reached ** piety under Cheibriados
 53798 | Depths:2 | Found a runed translucent gate.
 53798 | Depths:2 | Found a runed translucent gate.
 53799 | Depths:2 | Found a runed translucent gate.
 53925 | Depths:2 | Noticed a juggernaut
 53931 | Depths:2 | Killed a juggernaut
 53998 | Depths:2 | Noticed Gumuy's ghost (adept MiHu)
 54298 | Depths:2 | Killed Gumuy's ghost
 54728 | Depths:3 | Reached *** piety under Cheibriados
 55007 | Depths:3 | Noticed a golden dragon
 55012 | Depths:3 | Killed a golden dragon
 55330 | Depths:3 | Found a one-way gateway to a ziggurat.
 55362 | Depths:3 | Reached **** piety under Cheibriados
 55490 | Depths:3 | Identified the +8 sling of Terra Cotta {flame, ^Drain rPois
                  | rCorr Dex+2}
 55522 | Depths:3 | Found a one-way gate to the infinite horrors of the Abyss.
 55719 | Depths:3 | Acquired a staff of conjuration
 55733 | Depths:4 | Entered Level 4 of the Depths
 55775 | Depths:4 | Noticed a golden dragon
 55781 | Depths:4 | Killed a golden dragon
 56058 | Depths:4 | Identified the +0 robe of the Good {rF- Regen+ rCorr
                  | Slay+5}
 56154 | Depths:4 | Found Laed's Jewellery Shoppe.
 56155 | Depths:4 | Found Niamer's Book Shop.
 56155 | Depths:4 | Found Sogguer's Book Shop.
 56440 | Depths:4 | Found the ring of the Tortoise {AC+8}
 56454 | Depths:4 | Reached skill level 5 in Armour
 56454 | Depths:4 | Gained mutation: A meltable icy envelope protects you from
                  | harm. (AC +8) [demonic ancestry]
 56454 | Depths:4 | Reached XP level 23. HP: 196/196 MP: 42/44
 56909 | Depths:4 | Found a gate to the Realm of Zot.
 57473 | Vaults:5 | Entered Level 5 of the Vaults
 57475 | Vaults:5 | Reached ***** piety under Cheibriados
 57582 | Vaults:5 | Noticed an ancient lich
 57586 | Vaults:5 | Killed an ancient lich
 57677 | Vaults:5 | Identified the +10 scimitar "Bof Hal" {flame, rC++}
 57677 | Vaults:5 | Reached ****** piety under Cheibriados
 57680 | Vaults:5 | Reached skill level 15 in Fighting
 57709 | Vaults:5 | Identified the ring "Setweig" {MP+9 Int+2}
 58077 | Vaults:5 | Identified the +1 ring mail of Decompression {rC++ Str-3
                  | Dex+9}
 58600 | Vaults:5 | Found the +3 giant club "Skullcrusher" {speed, Str+7}
 58621 | Vaults:5 | Identified the +10 plate armour "Hero's Friend" {rN+ Dex+4}
 58634 | Vaults:5 | Reached skill level 10 in Shields
 58634 | Vaults:5 | Gained mutation: You regenerate a lot of health from kills.
                  | [demonic ancestry]
 58634 | Vaults:5 | Reached XP level 24. HP: 207/207 MP: 40/44
 58666 | Vaults:5 | Identified the +7 plate armour of the Griffon {Str+5}
 59332 | Vaults:5 | Got a silver rune of Zot
 59379 | Vaults:5 | Identified the +6 long sword "Qoimob" {spect, rC+ Str-5
                  | Dex+3}
 59476 | Vaults:5 | Identified the +12 crystal plate armour of Moral Flaws
                  | {-Tele Regen+ Str+3}
 59491 | Vaults:5 | Learned a level 8 spell: Borgnjor's Revivification
 59498 | Vaults:5 | Learned a level 6 spell: Plasma Beam
 59645 | Crypt:1  | Entered Level 1 of the Crypt
 59658 | Crypt:1  | Reached skill level 10 in Dodging
 59667 | Crypt:1  | Noticed Coubraat's ghost (adept GrFi)
 59673 | Crypt:1  | Found a transporter.
 59684 | Crypt:1  | Reached skill level 24 in Air Magic
 59709 | Crypt:1  | Reached skill level 1 in Fire Magic
 59764 | Crypt:1  | Identified the +5 hand axe of the Mouth {protect, Will+}
 59764 | Crypt:1  | Identified the amulet of Soliaq {Acrobat rC+ Will+ Int+7
                  | Dex+3}
 59928 | Crypt:1  | Found a transporter.
 60364 | Crypt:1  | Found a basalt altar of Yredelemnul.
 60664 | Crypt:1  | Killed Coubraat's ghost
 60746 | Crypt:2  | Identified the ring "Geuclal" {rElec rC+ Int+3 Slay+4}
 61386 | Crypt:3  | Entered Level 3 of the Crypt
 62033 | Crypt:3  | Identified the ring "Xaruntut" {Fire rPois rN++ MP+9 SInv}
 62049 | Crypt:3  | Identified the ring "Ferez" {rElec rPois rF+ rN++}
 62052 | Crypt:3  | Identified the ring of Cedufekh {rN+ Str+4 Int-2 SInv
                  | Stlth+}
 62145 | Crypt:3  | Found an ancient bone altar of Kikubaaqudgha.
 62229 | Crypt:3  | Was forgiven by Beogh
 62330 | Crypt:3  | Noticed an ancient lich
 62338 | Crypt:3  | Killed an ancient lich
 62339 | Crypt:3  | Reached skill level 10 in Conjurations
 62365 | Crypt:3  | Noticed a dread lich
 62381 | Crypt:3  | Killed a dread lich
 62382 | Crypt:3  | Reached skill level 5 in Fire Magic
 62384 | Crypt:3  | Got the Vellum of Sinister Spells
 62798 | Crypt:3  | Noticed a royal mummy
 62807 | Crypt:3  | Killed a royal mummy
 62857 | Crypt:3  | Found a staircase to the Tomb.
 63289 | Crypt:3  | Identified the +4 shortbow "Cookie Cutter" {freeze, rPois
                  | Int+2}
 63309 | Crypt:3  | Identified the +2 pair of gloves of Ciss {Fly Int+2}
 63623 | D:12     | Bought a scroll of amnesia for 48 gold pieces
 63634 | D:12     | Learned a level 9 spell: Chain Lightning
 63873 | Slime:1  | Entered Level 1 of the Pits of Slime
 63984 | Slime:3  | Gained mutation: You are very robust. (+20% HP) [demonic
                  | ancestry]
 63984 | Slime:3  | Reached XP level 25. HP: 170/234 MP: 30/45
 64142 | Slime:5  | Entered Level 5 of the Pits of Slime
 64312 | Slime:5  | Noticed the Royal Jelly
 64316 | Slime:5  | Killed the Royal Jelly
 64475 | Slime:5  | Identified the +6 orcbow of Butchery {heavy, Str+5}
 64735 | Slime:5  | Got a slimy rune of Zot
 65753 | Hell     | Entered the Vestibule of Hell
 65753 | Hell     | Noticed Geryon
 65757 | Hell     | Killed Geryon
 65758 | Hell     | Noticed Murray
 65875 | Depths:1 | Killed Murray
 66213 | Hell     | Reached skill level 10 in Armour
 66329 | Hell     | Found a gateway to the ashen valley of Gehenna.
 66524 | Hell     | Found a gateway to the decaying netherworld of Tartarus.
 66636 | Hell     | Found a gateway to the freezing wastes of Cocytus.
 66732 | Hell     | Found a gateway to the Iron City of Dis.
 66863 | Geh:1    | Entered Level 1 of Gehenna
 66867 | Geh:1    | Reached skill level 10 in Fire Magic
 67349 | Geh:3    | Reached skill level 15 in Conjurations
 67982 | Geh:5    | You are sucked into a shaft and drop 1 floor!
 68068 | Geh:6    | Reached XP level 26. HP: 242/242 MP: 34/45
 68391 | Geh:7    | Entered Level 7 of Gehenna
 68851 | Geh:7    | Noticed the Serpent of Hell
 68855 | Geh:7    | Killed the Serpent of Hell
 68855 | Geh:7    | Identified the +4 quarterstaff of the Ship {venom, Str+5}
 68864 | Geh:7    | Identified the +6 battleaxe of Wounding {vamp, *Corrode
                  | Str+7}
 68936 | Geh:7    | Found the +13 sceptre of Asmodeus
 68936 | Geh:7    | Noticed Asmodeus
 68944 | Geh:7    | Killed Asmodeus
 69007 | Geh:7    | Got an obsidian rune of Zot
 69008 | Geh:7    | Identified the staff "Dugoep" {rF+ Tloc Air Earth}
 69188 | Coc:1    | Entered Level 1 of Cocytus
 69581 | Coc:3    | Paralysed by a wendigo for 1 turns
 69767 | Dis:1    | Entered Level 1 of the Iron City of Dis
 70071 | Dis:4    | Reached skill level 15 in Necromancy
 70141 | Dis:4    | Gained mutation: You are extremely robust. (+30% HP)
                  | [demonic ancestry]
 70141 | Dis:4    | Reached XP level 27. HP: 235/270 MP: 42/46
 70827 | Dis:6    | Found a burning altar of Makhleb.
 70902 | Dis:7    | Entered Level 7 of the Iron City of Dis
 70939 | Dis:7    | Learned a level 1 spell: Apportation
 71338 | Dis:7    | Noticed a juggernaut
 71342 | Dis:7    | Killed a juggernaut
 71377 | Dis:7    | Noticed a juggernaut
 71381 | Dis:7    | Killed a juggernaut
 71409 | Dis:7    | Noticed a juggernaut
 71416 | Dis:7    | Killed a juggernaut
 71519 | Dis:7    | Noticed Dispater
 71524 | Dis:7    | Killed Dispater
 71558 | Dis:7    | Identified the ring "Mefree" {^Drain Fly MP+9 Int+5}
 71566 | Dis:7    | Got an iron rune of Zot
 71629 | Dis:7    | Learned a level 9 spell: Death's Door
 72173 | Dis:7    | Identified the staff "Okhlerio" {Fly rPois Str+3 Alchemy}
 72177 | Dis:7    | Identified the +0 scimitar "Qitel Zoe" {venom, ^Fragile
                  | rPois rF++}
 72894 | Coc:6    | Noticed a dread lich
 72902 | Coc:6    | Killed a dread lich
 72947 | Coc:7    | Entered Level 7 of Cocytus
 73346 | Coc:7    | Identified the +6 sling "Wosowerph" {drain, MP+9 Str-5
                  | Int+6 Stlth-}
 73570 | Coc:7    | Identified the staff "Suep" {^Fragile rN+ Will+ Int+4
                  | Earth}
 73573 | Coc:7    | Identified the +0 scimitar of the Dove {antimagic, Int+2
                  | Stlth+}
 73574 | Coc:7    | Identified the +1 shortbow of Precise Incision {freeze,
                  | Str-5 Int+2 Dex+5}
 73579 | Coc:7    | Identified the +2 scimitar "ETAOIN SHRDLU" {flame, rN+
                  | Str-4 Int+3}
 73716 | Coc:7    | Noticed Antaeus
 73720 | Coc:7    | Killed Antaeus
 73747 | Coc:7    | Got an icy rune of Zot
 74013 | Tar:1    | Entered Level 1 of Tartarus
 74761 | Tar:7    | Entered Level 7 of Tartarus
 75150 | Tar:7    | Found the crystal ball of Wucad Mu {*channel}
 75152 | Tar:7    | Identified the +0 chain mail "Noppeb" {Harm Rampage *Slow
                  | Dex+4}
 75253 | Tar:7    | Noticed Ereshkigal
 75261 | Tar:7    | Killed Ereshkigal
 75314 | Tar:7    | Identified the ring "Regiuf" {Str+3 Dex+6 Stlth+}
 75321 | Tar:7    | Identified the +0 robe of Midsummer {rF+ Int+3}
 75323 | Tar:7    | Got a bone rune of Zot
 75324 | Tar:7    | Identified the +12 battleaxe of Wecuunn {freeze, ^Fragile
                  | rPois rC+ Stlth+}
 75392 | Tar:7    | Found the +3 pair of seven-league boots {Rampage+∞}
 75407 | Tar:7    | Identified the +0 crystal plate armour of Quick Birdsong
                  | {Rampage rPois}
 75408 | Tar:7    | Identified the +2 short sword "Voox" {heavy, rPois rF-
                  | Str+5}
 75896 | Vaults:2 | Bought a potion of mutation for 144 gold pieces
 75896 | Vaults:2 | Bought 2 potions of mutation for 288 gold pieces
 75896 | Vaults:2 | Bought a potion of enlightenment for 90 gold pieces
 76190 | Pan      | Entered Pandemonium
 76252 | Pan      | Gained mutation: Potions are less effective at restoring
                  | your health. [a neqoxec]
 76253 | Pan      | Noticed Jecogope the pandemonium lord
 76257 | Pan      | Killed Jecogope the pandemonium lord
 76319 | Pan      | Got a demonic rune of Zot
 76836 | Pan      | Entered the realm of Mnoleg.
 76950 | Pan      | Noticed Mnoleg
 76960 | Pan      | Killed Mnoleg
 77058 | Pan      | Got a glowing rune of Zot
 77103 | Pan      | Entered the realm of Gloorx Vloq.
 77221 | Pan      | Reached skill level 5 in Staves
 77553 | Pan      | Found an exit through the horrors of the Abyss.
 77665 | Pan      | Noticed Gloorx Vloq
 77670 | Pan      | Killed Gloorx Vloq
 77687 | Pan      | Got a dark rune of Zot
 77891 | Pan      | Learned a level 4 spell: Passage of Golubria
 78088 | Pan      | Noticed Ignacio
 78096 | Pan      | Killed Ignacio
 78116 | Pan      | Gained mutation: You are occasionally teleported next to
                  | monsters. [a cacodemon]
 78272 | Pan      | Found a huge runed translucent gate.
 78277 | Pan      | Found an exit through the horrors of the Abyss.
 78562 | Pan      | Found an exit through the horrors of the Abyss.
 78711 | Pan      | Entered the realm of Lom Lobon.
 78763 | Pan      | Noticed Lom Lobon
 78770 | Pan      | Killed Lom Lobon
 78795 | Pan      | Got a magical rune of Zot
 78815 | Pan      | Reached skill level 5 in Stealth
 78815 | Pan      | Reached skill level 15 in Evocations
 78827 | Pan      | Entered the realm of Cerebov.
 78910 | Pan      | Found the +6 sword of Cerebov {flame}
 78910 | Pan      | Noticed Cerebov
 78915 | Pan      | Killed Cerebov
 78941 | Pan      | Identified the ring of Duryuli {rF+ rC+ MP+9 Int+2 Dex-2}
 78999 | Pan      | Got a fiery rune of Zot
 79016 | Pan      | Reached skill level 25 in Air Magic
 79306 | Pan      | Noticed Begroax the pandemonium lord
 79310 | Pan      | Killed Begroax the pandemonium lord
 79391 | Depths:2 | Escaped Pandemonium
 79501 | Depths:3 | Voluntarily entered the Abyss.
 79658 | Abyss:2  | Found a corrupted altar of Lugonu.
 79933 | Abyss:3  | Found a corrupted altar of Lugonu.
 80011 | Abyss:3  | Found a corrupted altar of Lugonu.
 80014 | Abyss:3  | Found a corrupted altar of Lugonu.
 80014 | Abyss:3  | Found a corrupted altar of Lugonu.
 80320 | Abyss:4  | Got an abyssal rune of Zot
 80368 | Depths:3 | Escaped the Abyss
 80369 | Depths:3 | Lost mutation: You are occasionally teleported next to
                  | monsters. [potion of mutation]
 80369 | Depths:3 | Lost mutation: Potions are less effective at restoring your
                  | health. [potion of mutation]
 80876 | Tomb:1   | Entered Level 1 of the Tomb of the Ancients
 81134 | Tomb:2   | Noticed a royal mummy
 81137 | Tomb:2   | Killed a royal mummy
 81141 | Tomb:2   | Noticed a royal mummy
 81144 | Tomb:2   | Killed a royal mummy
 81144 | Tomb:2   | Noticed a royal mummy
 81148 | Tomb:2   | Killed a royal mummy
 81151 | Tomb:2   | Noticed a royal mummy
 81155 | Tomb:2   | Killed a royal mummy
 81158 | Tomb:2   | Identified the +0 plate armour "Fitamip" {Dex+2}
 81453 | Tomb:3   | Entered Level 3 of the Tomb of the Ancients
 81460 | Tomb:3   | Found the +7 sceptre of Torment {pain, torment}
 81507 | Tomb:3   | Noticed a royal mummy
 81508 | Tomb:3   | Noticed a royal mummy
 81509 | Tomb:3   | Noticed a royal mummy
 81509 | Tomb:3   | Noticed a royal mummy
 81514 | Tomb:3   | Killed a royal mummy
 81516 | Tomb:3   | Killed a royal mummy
 81519 | Tomb:3   | Killed a royal mummy
 81522 | Tomb:3   | Killed a royal mummy
 81559 | Tomb:3   | Noticed a royal mummy
 81559 | Tomb:3   | Noticed a royal mummy
 81561 | Tomb:3   | Noticed a royal mummy
 81562 | Tomb:3   | Killed a royal mummy
 81563 | Tomb:3   | Killed a royal mummy
 81564 | Tomb:3   | Killed a royal mummy
 81565 | Tomb:3   | Reached skill level 10 in Staves
 81568 | Tomb:3   | Noticed a royal mummy
 81573 | Tomb:3   | Killed a royal mummy
 81680 | Tomb:3   | Got a sanguine gem with 565 turns to spare
 81683 | Tomb:3   | Got a golden rune of Zot
 81762 | Tomb:3   | Identified the staff of Oraddent {rPois Int+4 Dex+5
                  | Alchemy}
 81765 | Tomb:3   | Got Soqoorel's Grimoire of Hexes
 82377 | Zot:1    | Entered Level 1 of the Realm of Zot
 82383 | Zot:1    | Reached skill level 15 in Dodging
 82384 | Zot:1    | Reached skill level 15 in Armour
 82397 | Zot:1    | Noticed Vv
 82404 | Zot:1    | Killed Vv
 82568 | Zot:5    | Entered Level 5 of the Realm of Zot
 82624 | Zot:5    | Got a prismatic gem with 644 turns to spare
 82642 | Zot:5    | Noticed an ancient lich
 82644 | Zot:5    | Killed an ancient lich
 82683 | Zot:5    | Noticed an ancient lich
 82687 | Zot:5    | Noticed an orb of fire
 82694 | Zot:5    | Killed an orb of fire
 82694 | Zot:5    | Killed an ancient lich
 82730 | Zot:5    | Noticed an orb of fire
 82730 | Zot:5    | Noticed an orb of fire
 82737 | Zot:5    | Killed an orb of fire
 82738 | Zot:5    | Killed an orb of fire
 82753 | Zot:5    | Noticed a dread lich
 82757 | Zot:5    | Killed a dread lich
 82783 | Zot:5    | Got the Orb of Zot
 83084 | D:14     | Noticed Sieche the pandemonium lord
 83088 | D:14     | Killed Sieche the pandemonium lord
 83323 | D:3      | Noticed Ukios the pandemonium lord
 83326 | D:3      | Killed Ukios the pandemonium lord
 83400 | D:$      | Escaped with the Orb!

Illustrated notes

Levels and vault maps discovered:
D:1:      matt_arrival_spirals, layout_rooms, minmay_crystal_room,
          chequers_serial_rivers_micro_a, minivault_25
D:2:      layout_rooms, minmay_three_crescents
D:3:      layout_rooms, grunt_dithmenos_smoke, chequers_ecumenical_altar_simple
D:4:      layout_cave_pools, kennysheep_opposing_triangles
D:5:      layout_basic, nicolae_specific_store, st_stairs_3, bh_walls_and_bars
D:6:      layout_basic, mainiacjoe_overflow_paths,
          minmay_temple_entry_proselytizer, blue_anna_alchemist,
          minmay_misc_feat_tiny, uniq_pikel, uniq_jeremiah
D:7:      layout_loops_corners, ebering_ghost_xom, grunt_decor_resistance
D:8:      layout_rooms, dpeg_lair_monsters, serial_library,
          serial_library_hellmonk_filled_rooms,
          serial_library_hellmonk_recessed_alcove,
          serial_library_regret_index_small_wings,
          serial_library_hellmonk_recessed_alcove,
          serial_library_hellmonk_hallway_b,
          serial_library_regret_index_split_case,
          serial_library_hellmonk_hallway_a, nicolae_figureground_sparkle
D:9:      layout_grid_maze
D:10:     layout_loops_ring, serial_shops, nicolae_shop_real_fake_doors,
          kennysheep_boxes, uniq_maggie, uniq_nergalle, uniq_grum
D:11:     layout_long_grid, erik_orc_1
D:12:     layout_layer_cave, serial_shops, nicolae_shop_rolled_up, uniq_snorg
D:13:     bobbens_index_wilting_gardens, layout_loops_ring, erik_vaults_1,
          serial_shops, bzr_entry_lakeside
D:14:     layout_basic, minivault_11, minmay_fountain_box, grunt_qazlal_clouds
D:15:     grunt_enter_depths_hoard, layout_basic, chequers_garden
Temple:   nicolae_temple_slightly_damp_pantheon
Lair:1:   layout_hall_layers, infiniplex_staircase_pool_2
Lair:2:   layout_regular_city, mainiacjoe_swamp_entry_lozenge_pond,
          chequers_serial_rivers_small_3, serial_bayou_pond_d,
          grunt_megastairs_4
Lair:3:   layout_regular_city, dummy_snake_entry, serial_bayou_shore_b,
          uniq_amaemon
Lair:4:   cheibrodos_lair_overgrown_chateau, layout_loops_ring, serial_rivers,
          chequers_serial_rivers_small_a, chequers_serial_rivers_large_b,
          chequers_serial_rivers_micro_e, chequers_serial_rivers_small_b,
          chequers_serial_rivers_marsh, chequers_serial_rivers_small_b,
          beast_lair_carwin_1
Lair:5:   evilmike_catoblepas_cave, layout_cave_shapes, slime_entry_1
Swamp:1:  layout_falls_marsh, evilmike_swamp_ruin_rubble_2,
          nicolae_swamp_decorative_isthmus
Swamp:2:  layout_basic_swamp, nicolae_swamp_oxbows
Swamp:3:  layout_falls_marsh, ebering_ghost_xom, nicolae_swamp_fairy_circle,
          swamp_pool_4
Swamp:4:  swamp_pestilence, layout_basic_swamp
Snake:1:  layout_onion_interference, nicolae_snake_salamander_zone, uniq_aizul
Snake:2:  gammafunk_sealed_arena, layout_layer_cave, uniq_vashnia, uniq_frances
Snake:3:  layout_grid_shapes, evilmike_ambush [evilmike_ambush_outer_doors,
          evilmike_ambush_inner_basic], serial_bayou_shore_a, uniq_azrael,
          uniq_agnes
Snake:4:  snake_pit, layout_cave_town, portal_ice_cave_entry_pillars_three,
          grunt_ministairs_12, uniq_louise
Slime:1:  layout_caves
Slime:2:  layout_caves
Slime:3:  layout_caves
Slime:4:  layout_caves
Slime:5:  slime_pit_nicolae_block_by_block
Orc:1:    layout_diamond_mine, enter_volcano_2, basic_altar, serial_shops,
          nicolae_diamond_shop
Orc:2:    grunt_orc_gardens, layout_caves, grunt_orc_garden, grunt_orc_garden,
          grunt_orc_garden, grunt_orc_garden, serial_shops,
          nicolae_shop_back_alley_shop, david_defended_altar_orc
Elf:1:    nicolae_elf_arrival_aired_out, layout_gridlike, serial_shops,
          nicolae_shop_tiny_real_fake_doors, nicolae_elf_shapeshifter_party,
          minmay_misc_feat_five, uniq_nikola
Elf:2:    elven_hall_of_blades_hangedman_original [nicolae_blade_bullseye],
          layout_loops_cross, tekkud_shop_of_orbs, uniq_zenata, uniq_roxanne
Elf:3:    grunt_elf_hall_branching, layout_loops_corners, grunt_megastairs_5
Vaults:1: nicolae_vaults_taking_the_gang_shopping,
          nicolae_vaults_more_shelving_2, ontoclasm_vaults_shuriken,
          nicolae_vaults_ninety_degrees, nicolae_vaults_little_squares_3,
          hangedman_vaults_trim, v_misc_15, vaults_mumra_hexcomb,
          nicolae_vaults_closet_pinwheel_1, nicolae_vaults_ring_of_whatevers,
          nicolae_vaults_two_Ls, vaults_dpeg_diagonal, nicolae_vaults_asterisk,
          nicolae_vaults_diamond_1, nicolae_vaults_whirlpool_walls,
          nicolae_vaults_rhombus_6, layout_vaults_omnibox, uniq_boris
Vaults:2: v_rooms_2, v_misc_26, v_misc_1, v_pattern_5, hangedman_vaults_maws,
          nicolae_vaults_weapon_check, nicolae_vaults_house_1,
          ontoclasm_vaults_loading_screen, nicolae_vaults_house_2,
          nicolae_vaults_house_1, nicolae_vaults_double_plus_2,
          layout_vaults_chaotic_city, serial_shops, shop, uniq_bai_suzhen,
          uniq_donald, uniq_frederick, uniq_xtahua, uniq_sojobo
Vaults:3: hangedman_vaults_stretched_pinwheel, nicolae_vaults_wrenched,
          nicolae_vaults_storage_closets_2, vaults_room_hallway, st_lines,
          v_pattern_1, nicolae_vaults_lightning_bolt,
          minmay_crypt_entry_necro_gods, nicolae_vaults_trapezoid_2,
          nicolae_vaults_two_Ls, layout_vaults_ring, uniq_mara, uniq_saint_roka,
          uniq_mennas
Vaults:4: nicolae_vaults_shrinking_rooms_1, nicolae_vaults_closet_pinwheel_3,
          nicolae_vaults_little_squares_2, nicolae_vaults_tetromino_Z_2,
          vaults_standard_mumra_x, hangedman_vaults_nails,
          nicolae_vaults_spaceships, nicolae_vaults_enemy_cabinets, v_misc_33,
          serial_ice_m, nicolae_vaults_tetromino_L_1, ontoclasm_vaults_twist,
          nicolae_vaults_swerve, nicolae_vaults_tetromino_L_1, v_misc_14,
          nicolae_vaults_trapezoid_lopsided_2, layout_vaults_maze
Vaults:5
Crypt:1:  layout_basic, basic_altar, gammafunk_ghost_arena
Crypt:2:  layout_gridlike, nicolae_crypt_little_mausoleum, grunt_megastairs_1
Crypt:3:  evilmike_haunted_forest
Tomb:1
Tomb:2
Tomb:3
Depths:1: layout_basic, ebering_dispersal_statue_hall,
          pf_vacation_house_of_asmodeus, okawaru_trees_2, uniq_enchantress,
          uniq_asterion
Depths:2: cheibrodos_hall_of_evolution, layout_gridlike, grunt_pan_entry_zigzag,
          grunt_hell_entry_dis_old, hellmonk_ghost_time_enough,
          nicolae_vehumet_radiance, serial_bayou_shore_b,
          infiniplex_staircase_zigzag_5
Depths:3: minmay_inner_zag, layout_honeycomb, enter_ziggurat_b,
          lightli_too_deep, abyss_entry, minmay_staircase_bubble, uniq_margery
Depths:4: evilmike_zot_entry_basic, layout_cave_shapes, hell_entry,
          nrook_pool_corridor, hangedman_decor_lopped, minmay_shop_grove
Hell
Dis:1:    layout_subdivisions
Dis:2:    layout_subdivisions
Dis:3:    layout_overlapping_boxes
Dis:4:    layout_regular_city
Dis:5:    layout_jigsaw
Dis:6:    kennysheep_iron_temple, layout_jigsaw
Dis:7:    dis_grunt_layers
Geh:1:    layout_gehenna_lava_caves
Geh:2:    layout_gehenna_pools_triple
Geh:3:    layout_gehenna_lava_caves, nicolae_hells_hurtin_island
Geh:4:    layout_gehenna_lava_caves
Geh:5:    layout_gehenna_pools_box
Geh:6:    layout_gehenna_lava_caves, nicolae_geh_fourpack
Geh:7:    geh_grunt
Coc:1:    layout_cocytus_water_paths
Coc:2:    layout_ice_bergs
Coc:3:    nicolae_coc_through_the_icewall, layout_cocytus_delve,
          nicolae_coc_icebean_singular [nicolae_sub_coc_subbean]
Coc:4:    nicolae_coc_caroushell, layout_ice_bergs
Coc:5:    nicolae_coc_bergin, layout_ice_bergs,
          nicolae_coc_statues_of_limitations
Coc:6:    layout_ice_bergs
Coc:7:    coc_dpeg
Tar:1:    layout_honeycomb
Tar:2:    layout_grid_maze
Tar:3:    layout_honeycomb
Tar:4:    layout_catacombs, nicolae_tar_cuneiform_heaven
Tar:5:    layout_grid_maze, nicolae_tar_spectre_spectrum
Tar:6:    layout_catacombs
Tar:7:    tar_minmay_river
Zot:1:    layout_onion_interference, uniq_vv
Zot:2:    gammafunk_the_bubble [the_bubble_gammafunk_split], layout_gridville
Zot:3:    regret_index_infernal_bastille, layout_cellular_growth,
          ebering_ghost_inner_flame, hangedman_zot_decor_scrapings,
          st_stairs_14, skrybe_zot_glass_3
Zot:4:    layout_cellular_growth, regret_index_zotdec_golden_two_three
Zot:5:    layout_misc_corridors

Skill      XL: |  1  2  3  4  5  6  7  8  9 10 11 12 13 14 15 16 17 18 19 20 21 22 23 24 25 26 27 |
---------------+----------------------------------------------------------------------------------+-----
Air Magic      | 3 4 5 8 9 10 11 12 14 15 16 17 19 21 22 23 24 25 | 25.0
Conjurations   | 2 3 4 5 6 8 11 16 20 23 | 23.0
Necromancy     | 1 3 6 7 9 10 11 12 13 14 15 22 | 22.0
Shields        | 1 2 3 4 5 6 7 8 9 10 12 | 12.0
Fighting       | 1 2 3 5 6 8 9 10 11 12 13 14 15 24 | 24.9
Spellcasting   | 3 4 5 6 7 8 9 10 11 12 13 14 15 17 18 19 24 | 24.6
Stealth        | 2 5 |  5.0
Invocations    | 1 3 5 6 8 10 11 12 13 14 | 14.0
Short Blades   | 2 |  2.0
Dodging        | 2 4 6 7 8 9 10 15 | 15.0
Summonings     | 3 4 |  4.0
Evocations     | 3 5 6 8 9 10 11 12 15 | 15.0
Armour         | 2 3 5 6 8 10 15 | 15.0
Translocations | 1 3 4 |  4.0
Staves         | 3 4 12 | 12.0
Fire Magic     | 7 10 12 | 12.5

Action                     |  1- 3 |  4- 6 |  7- 9 | 10-12 | 13-15 | 16-18 | 19-21 | 22-24 | 25-27 || total
---------------------------+-------+-------+-------+-------+-------+-------+-------+-------+-------++-------
  Melee: Dagger            |     5 |    43 |    82 |    47 |       |       |       |       |       ||   177
         Short sword       |    35 |     8 |       |   137 |    92 |       |       |       |       ||   272
         Whip              |       |    26 |       |       |       |       |       |       |       ||    26
         Trident           |       |       |    23 |       |       |       |       |       |       ||    23
         Kick              |       |       |       |    42 |    51 |     2 |    62 |    51 |   122 ||   330
         Staff             |       |       |       |       |     4 |     5 |   114 |   104 |   222 ||   449
  Throw: Throwing net      |       |       |     2 |       |       |       |       |       |       ||     2
         Dart              |       |       |     1 |       |     5 |       |       |     1 |       ||     7
   Cast: Shock             |    46 |    54 |    72 |     6 |       |       |       |       |       ||   178
         Static Discharge  |    13 |    38 |    23 |    28 |       |       |       |       |       ||   102
         Kiss of Death     |       |     2 |       |       |       |       |       |       |       ||     2
         Swiftness         |       |     3 |     2 |     1 |       |       |     1 |       |       ||     7
         Airstrike         |       |       |    56 |   126 |   615 |   610 |   875 |   129 |     3 ||  2414
         Summon Lightning  |       |       |       |    15 |    55 |    45 |    36 |     1 |       ||   152
         Sublimation of Bl |       |       |       |       |    28 |    61 |   100 |    51 |   580 ||   820
         Fugue of the Fall |       |       |       |       |    11 |     2 |       |       |       ||    13
         Dispel Undead     |       |       |       |       |       |     2 |       |       |       ||     2
         Martyr's Knell    |       |       |       |       |       |    30 |    71 |     5 |       ||   106
         Conjure Ball Ligh |       |       |       |       |       |       |    13 |   229 |    48 ||   290
         Maxwell's Capacit |       |       |       |       |       |       |     7 |    82 |   153 ||   242
         Blink             |       |       |       |       |       |       |     3 |    26 |    12 ||    41
         Borgnjor's Vile C |       |       |       |       |       |       |       |     1 |     2 ||     3
         Vhi's Electric Ch |       |       |       |       |       |       |       |     2 |     5 ||     7
         Plasma Beam       |       |       |       |       |       |       |       |   222 |   476 ||   698
         Chain Lightning   |       |       |       |       |       |       |       |       |  1102 ||  1102
         Apportation       |       |       |       |       |       |       |       |       |    38 ||    38
 Invoke: Convert to Beogh  |       |     1 |       |       |       |       |       |       |       ||     1
         Recruit Apostle   |       |       |       |     3 |     1 |     1 |     2 |       |       ||     7
         Recall Apostles   |       |       |       |     6 |    21 |    29 |    21 |     2 |       ||    79
         Smiting           |       |       |       |     6 |    12 |    18 |    43 |       |       ||    79
         Dismiss Apostle   |       |       |       |       |     1 |     1 |     2 |       |       ||     4
         Blood for Blood   |       |       |       |       |       |     1 |     1 |       |       ||     2
         Slouch            |       |       |       |       |       |       |       |       |     4 ||     4
         Step From Time    |       |       |       |       |       |       |       |       |     1 ||     1
  Evoke: Wand              |       |       |     4 |    16 |     3 |     1 |     3 |     2 |    22 ||    51
         Lightning rod     |       |       |       |       |     4 |     4 |     2 |       |       ||    10
         Gell's gravitambo |       |       |       |       |     1 |     1 |     2 |     1 |     3 ||     8
         Phantom mirror    |       |       |       |       |       |       |     2 |       |       ||     2
    Use: Potion            |     1 |       |       |     4 |     1 |     4 |       |     1 |    14 ||    25
         Scroll            |     3 |     9 |     4 |    10 |    10 |     7 |     4 |    13 |    31 ||    91
   Stab: Sleeping          |     1 |     2 |       |     3 |       |       |       |       |       ||     6
         Distracted        |       |       |       |     4 |     1 |       |     1 |       |       ||     6
         Paralysed         |       |       |       |       |     3 |       |       |       |       ||     3
         Petrified         |       |       |       |       |       |       |       |       |     1 ||     1
 Armour: Robe              |    74 |   109 |    92 |   120 |       |       |       |       |       ||   395
         Steam dragon scal |       |       |       |    15 |       |       |       |       |       ||    15
         Leather armour    |       |       |       |     9 |   130 |     3 |       |       |       ||   142
         Swamp dragon scal |       |       |       |       |       |   127 |   301 |   142 |       ||   570
         Fire dragon scale |       |       |       |       |       |       |       |   590 |  1248 ||  1838
         Chain mail        |       |       |       |       |       |       |       |     5 |       ||     5
         Skin              |       |       |       |       |       |       |       |       |     8 ||     8
  Dodge: Dodged            |    42 |    65 |    65 |    87 |   125 |   104 |   181 |   222 |   755 ||  1646
  Block: Buckler           |       |    17 |    88 |   143 |   175 |   109 |   244 |   318 |  1279 ||  2373
         Reflection        |       |     2 |     1 |     4 |    40 |    26 |    92 |    51 |   572 ||   788

Table legend: (Time is in decaauts)
 A = Elapsed time spent in this place.
 B = Non-inter-level travel time spent in this place.
 C = Inter-level travel time spent in this place.
 D = Time resting spent in this place.
 E = Time spent auto-exploring this place.
 F = Levels seen in this place.
 G = Mean time per level.
                   A        B        C        D        E       F      G
               +--------+--------+--------+--------+--------+-----+--------+
         Total | 103222 |  89391 |  13831 |   3754 |  56040 | 112 |  921.6 |
       Dungeon |  25841 |  21029 |   4812 |   2275 |  12550 |  15 | 1722.7 |
        Temple |     48 |      5 |     43 |      0 |      0 |   1 |   48.0 |
          Lair |   8137 |   7411 |    726 |     10 |   6537 |   5 | 1627.4 |
         Swamp |   3181 |   3024 |    157 |      7 |   2168 |   4 |  795.2 |
     Snake Pit |   5349 |   5153 |    196 |    190 |   3617 |   4 | 1337.2 |
    Slime Pits |   1586 |   1435 |    151 |    197 |    764 |   5 |  317.2 |
  Orcish Mines |   2063 |   1928 |    135 |     36 |   1420 |   2 | 1031.5 |
   Elven Halls |   3781 |   3536 |    245 |     27 |   2335 |   3 | 1260.3 |
        Vaults |  11931 |   9077 |   2854 |    124 |   6644 |   5 | 2386.2 |
         Crypt |   7203 |   5965 |   1238 |      0 |   4670 |   3 | 2401.0 |
          Tomb |   1716 |   1385 |    331 |     59 |    249 |   3 |  572.0 |
        Depths |   9108 |   7494 |   1614 |    284 |   5452 |   4 | 2277.0 |
          Hell |   1759 |   1516 |    243 |     21 |    816 |   1 | 1759.0 |
           Dis |   4398 |   4200 |    198 |     33 |   2755 |   7 |  628.3 |
       Gehenna |   3673 |   3405 |    268 |    174 |   1759 |   7 |  524.7 |
       Cocytus |   2779 |   2535 |    244 |    137 |   1751 |   7 |  397.0 |
      Tartarus |   2689 |   2416 |    273 |     56 |   1025 |   7 |  384.1 |
           Zot |    764 |    669 |     95 |      0 |      1 |   5 |  152.8 |
         Abyss |   1538 |   1538 |      0 |      0 |      0 |   4 |  384.5 |
   Pandemonium |   5091 |   5091 |      0 |     69 |   1404 |  17 |  299.5 |
        Bazaar |    120 |    120 |      0 |      0 |     82 |   1 |  120.0 |
      Ice Cave |    297 |    297 |      0 |     54 |     39 |   1 |  297.0 |
       Volcano |    159 |    159 |      0 |      0 |      0 |   1 |  159.0 |
               +--------+--------+--------+--------+--------+-----+--------+

Top non-repeatable levels by time:
 Crypt:3: 3628 daAuts
Vaults:5: 3517 daAuts
Depths:2: 3086 daAuts
   Dis:7: 2795 daAuts
Vaults:2: 2673 daAuts
Vaults:1: 2526 daAuts
    D:15: 2404 daAuts
     D:6: 2348 daAuts
Depths:4: 2319 daAuts
  Lair:4: 2173 daAuts
     D:9: 2172 daAuts
 Crypt:1: 2140 daAuts
     D:5: 2078 daAuts
     D:7: 2059 daAuts
Depths:1: 2039 daAuts
